 Dungeon Crawl Stone Soup version 0.32-a0-995-gb4a59205af (webtiles) character file.

Game seed: 11737191265938316271

12053636 1Anon the Grand Master (level 27, 247/247 HPs)
             Began as a Gnoll Necromancer on Apr 13, 2024.
             Was an Initiate of Gozag.
             Escaped with the Orb
             ... and 15 runes on Apr 22, 2024!
             The game lasted 06:59:54 (134690 turns).

1Anon the Grand Master (Gnoll Necromancer)        Turns: 134690, Time: 06:59:55

Health: 247/247    AC: 27    Str: 10    XL:     27
Magic:  46/64      EV: 25    Int: 46    God:    Gozag
Gold:   16979      SH: 32    Dex: 14    Spells: 3/80 levels left

rFire   + + .        N - +9 eveningstar of the End of Times {heavy, rElec rC+ Int+3 Stlth+}
rCold   + + .        E - +8 tower shield {reflect}
rNeg    + + +        x - +7 toga "Victory" {*Victory Int+7 Slay+7 Clar}
rPois   ∞            J - +3 hat of Pondering {ponderous, Will+ MP+10 Int+5}
rElec   +            I - +2 cloak "Vekuram" {Will++}
rCorr   +            u - +2 pair of gloves {Stlth+}
SInv    .            T - +2 pair of boots of the Eternal Fruit {+Inv rPois rF+}
Will    +++++        S - amulet "Poled" {+Blink Regen+ rCorr}
Stlth   ++++         P - ring of Moderation {rPois rF+ Int+6}
HPRegen 1.41/turn    p - ring of the Mage {Wiz Archmagi}
MPRegen 0.39/turn

%: reflection, clarity, wizardry (x1), archmagi
@: death-form, gold aura, studying 5 skills, slow
A: vile attack, torment immunity, no potions, fangs 1, strong nose, distributed
training, clarity, screaming 1, noise suppression
0: Orb of Zot
}: 15/15 runes: barnacled, slimy, silver, golden, iron, obsidian, icy, bone,
abyssal, demonic, glowing, magical, fiery, dark, gossamer
a: Siphon Essence, Begin Untransformation, Renounce Religion, Evoke Blink, Evoke
Invisibility, Potion Petition, Call Merchant, Bribe Branch


You escaped.
You worshipped Gozag.
Gozag was extremely pleased with you.
You were an undying horror.
You visited 18 branches of the dungeon, and saw 87 of its levels.
You visited Pandemonium 1 time, and saw 12 of its levels.
You visited the Abyss 1 time.
You visited 1 ziggurat, and saw 21 of its levels.
You also visited: Trove, Sewer, Gauntlet, Ice Cave and Wizlab.

You collected 53668 gold pieces.
You spent 5835 gold pieces at shops.
You paid 30854 gold pieces to Gozag.

Inventory:

Hand Weapons
 N - the +9 eveningstar of the End of Times (weapon) {heavy, rElec rC+ Int+3 Stlth+}
   (You took it off an orc knight on level 5 of the Vaults)

   Int+3:     It affects your intelligence (+3).
   rC+:       It protects you from cold.
   rElec:     It insulates you from electricity.
   Stlth+:    It makes you more stealthy.
 V - the +8 demon trident "Rift" {distort, reach+}
   (You found it on level 5 of a ziggurat)
Missiles
 h - 13 curare-tipped darts
 i - 14 silver javelins
 w - 38 boomerangs (quivered)
 X - 3 throwing nets
Armour
 u - a +2 pair of gloves of stealth (worn)
 x - the +7 toga "Victory" (worn) {*Victory Int+7 Slay+7 Clar}
   (You found it on level 7 of Gehenna)

   *Victory:  When the wearer kills a threatening monster, it has a chance to
   gain +1 AC, +1 Slay, and +1 Int, capping at +7.
   When the wearer uses a scroll or a potion with a hostile monster in sight,
   its bonuses reset to +0.
   Unequipping it also resets its bonuses to +0.
   Int+7:     It affects your intelligence (+7).
   Slay+7:    It affects your accuracy & damage with ranged weapons and melee
   (+7).
   Clar:      It protects you from confusion, rage, mesmerisation and fear.
 E - a +8 tower shield of reflection (worn)
 I - the +2 cloak "Vekuram" (worn) {Will++}
   (You found it in a wizard's laboratory)

   Will++:    It greatly increases your willpower.
 J - the +3 hat of Pondering (worn) {ponderous, Will+ MP+10 Int+5}
   (You bought it in a shop on level 1 of the Elven Halls)

   Int+5:     It affects your intelligence (+5).
   Will+:     It increases your willpower.
   MP+10:     It affects your magic capacity (+10).
 R - the +3 leather armour "Trusted Companion" {rElec MP+9}
   (You bought it in a shop on level 1 of the Vaults)

   rElec:     It insulates you from electricity.
   MP+9:      It affects your magic capacity (+9).
 T - the +2 pair of boots of the Eternal Fruit (worn) {+Inv rPois rF+}
   (You found it on level 21 of a ziggurat)

   rF+:       It protects you from fire.
   rPois:     It protects you from poison.
   +Inv:      It lets you turn invisible.
Jewellery
 g - the ring "Myep" {^Contam rN++ MP+9 Int+5}
   (You found it on level 3 of the Crypt)

   [ring of magical power]

   Int+5:     It affects your intelligence (+5).
   rN++:      It greatly protects you from negative energy.
   MP+9:      It affects your magic capacity (+9).
   ^Contam:   It causes magical contamination when unequipped.
 n - the ring of Azabinoch {rElec rN+ Int+6}
   (You found it in a treasure trove)

   [ring of intelligence]

   Int+6:     It affects your intelligence (+6).
   rElec:     It insulates you from electricity.
   rN+:       It protects you from negative energy.
 p - the ring of the Mage (right hand) {Wiz Archmagi}
   (You found it in a treasure trove)

   [ring of wizardry]

   Wiz:       It improves your spell success rate.
   Archmagi:  It increases the power of your magical spells.
 C - the ring "Umuko" {rPois rC+ Will++}
   (You found it on level 1 of the Spider Nest)

   [ring of poison resistance]

   rC+:       It protects you from cold.
   rPois:     It protects you from poison.
   Will++:    It greatly increases your willpower.
 P - the ring of Moderation (left hand) {rPois rF+ Int+6}
   (You bought it in a shop on level 2 of the Lair of Beasts)

   [ring of intelligence]

   Int+6:     It affects your intelligence (+6).
   rF+:       It protects you from fire.
   rPois:     It protects you from poison.
 S - the amulet "Poled" (around neck) {+Blink Regen+ rCorr}
   (You found it in a treasure trove)

   [amulet of regeneration]

   +Blink:    It lets you blink.
   Regen+:    It increases your rate of health regeneration.
   rCorr:     It protects you from acid and corrosion.
 W - the ring of the Hippogriff {rElec rF+ rCorr Str-3 Dex+4}
   (You found it on level 4 of the Depths)

   [ring of resist corrosion]

   Str-3:     It affects your strength (-3).
   Dex+4:     It affects your dexterity (+4).
   rF+:       It protects you from fire.
   rElec:     It insulates you from electricity.
   rCorr:     It protects you from acid and corrosion.
Talismans
 v - a talisman of death (active)
Wands
 c - a wand of paralysis (83)
 s - a wand of iceblast (125)
 y - a wand of digging (69)
 Q - a wand of light (85)
Scrolls
 f - 30 scrolls of teleportation
 m - 26 scrolls of fog
 t - 16 scrolls of blinking
 B - 11 scrolls of enchant weapon
 F - 4 scrolls of fear
 G - 2 scrolls of amnesia
 L - 5 scrolls of butterflies
 M - 2 scrolls of enchant armour
 U - a scroll of revelation
 Y - 14 scrolls of immolation
 Z - 10 scrolls of brand weapon
Potions
 a - 11 potions of haste
 b - 4 potions of magic
 d - 13 potions of heal wounds
 e - 34 potions of curing
 j - 8 potions of mutation
 l - 11 potions of ambrosia
 o - 10 potions of cancellation
 q - 6 potions of enlightenment
 r - 12 potions of might
 z - 14 potions of attraction
 A - 4 potions of lignification
 D - 12 potions of brilliance
 K - 6 potions of invisibility
Miscellaneous
 k - a figurine of a ziggurat
 H - a condenser vane
 O - a lightning rod (4/4)


   Skills:
 + Level 26.8 Fighting
 O Level 27 Short Blades
 + Level 26.8 Long Blades
 + Level 26.8 Axes
 + Level 26.8 Maces & Flails
 + Level 26.8 Polearms
 + Level 26.8 Staves
 O Level 27 Ranged Weapons
 + Level 26.8 Throwing
 + Level 26.8 Armour
 O Level 27 Dodging
 O Level 27 Stealth
 + Level 26.8 Shields
 O Level 27 Unarmed Combat
 O Level 27 Spellcasting
 + Level 23.1 Conjurations
 + Level 26.7 Hexes
 + Level 23.1 Summonings
 + Level 23.9 Necromancy
 + Level 23.1 Translocations
 + Level 23.1 Fire Magic
 + Level 23.1 Ice Magic
 + Level 23.1 Air Magic
 + Level 23.1 Earth Magic
 + Level 23.1 Alchemy
 O Level 27 Invocations
 + Level 26.8 Evocations
 + Level 24.9 Shapeshifting


You had 3 spell levels left.
You knew the following spells:

 Your Spells              Type           Power      Damage    Failure   Level
c - Chain Lightning       Conj/Air       80%        3d106     1%          9
d - Dragon's Call         Summ           80%        N/A       1%          9
f - Fire Storm            Conj/Fire      80%        8d20      1%          9
i - Irradiate             Conj/Alch      80%        3d38      0%          5
m - Maxwell's Capacitive  Air            80%        ∞         1%          8
n - Ignition              Fire           80%        3d21      1%          8
s - Shatter               Erth           80%        3d58*     1%          9
x - Ozocubu's Refrigerat  Ice            80%        4d25      0%          7
y - Ignite Poison         Fire/Alch      100%       N/A       0%          4
z - Polar Vortex          Ice            80%        12d10*    1%          9

Your spell library contained the following spells:

 Spells                   Type           Power      Damage    Failure   Level
 Apportation              Tloc           100%       N/A       0%          1
 Foxfire                  Conj/Fire      100%       2x1d9     0%          1
 Freeze                   Ice            100%       1d10      0%          1
 Kiss of Death            Conj/Necr      100%       2d13      0%          1
 Magic Dart               Conj           100%       1d8       0%          1
 Necrotise                Necr           100%       1d9       0%          1
 Sandblast                Erth           100%       2d20      0%          1
 Shock                    Conj/Air       100%       1d9       0%          1
 Slow                     Hex            100%       N/A       0%          1
 Sting                    Conj/Alch      100%       1d9       0%          1
 Summon Small Mammal      Summ           100%       N/A       0%          1
 Blink                    Tloc           100%       N/A       0%          2
 Call Imp                 Summ           100%       N/A       0%          2
 Cigotuvi's Dreadful Rot  Necr/Alch/Air  100%       N/A       0%          2
 Ensorcelled Hibernation  Hex/Ice        100%       N/A       0%          2
 Jinxbite                 Hex            100%       N/A       0%          2
 Lesser Beckoning         Tloc           100%       N/A       0%          2
 Mercury Vapours          Alch/Air       100%       N/A       0%          2
 Momentum Strike          Conj/Tloc      100%       3d10      0%          2
 Searing Ray              Conj           100%       2d8       0%          2
 Static Discharge         Conj/Air       100%       3-8/arc   0%          2
 Sublimation of Blood     Necr           100%       N/A       0%          2
 Call Canine Familiar     Summ           100%       N/A       0%          3
 Confusing Touch          Hex            100%       N/A       0%          3
 Dazzling Flash           Conj/Hex       100%       N/A       0%          3
 Frozen Ramparts          Ice            100%       1d16      0%          3
 Fugue of the Fallen      Necr           100%       N/A       0%          3
 Hailstorm                Conj/Ice       100%       3d16      0%          3
 Inner Flame              Hex/Fire       100%       N/A       0%          3
 Maxwell's Portable Pile  Tloc           100%       2d(15-43) 0%          3
 Mephitic Cloud           Conj/Alch/Air  100%       N/A       0%          3
 Ozocubu's Armour         Ice            100%       N/A       0%          3
 Passwall                 Erth           100%       N/A       0%          3
 Sigil of Binding         Hex            100%       N/A       0%          3
 Stone Arrow              Conj/Erth      100%       3d13      0%          3
 Summon Ice Beast         Ice/Summ       100%       N/A       0%          3
 Swiftness                Air            100%       N/A       0%          3
 Teleport Other           Tloc           100%       N/A       0%          3
 Tukima's Dance           Hex            100%       N/A       0%          3
 Vampiric Draining        Necr           100%       2d13      0%          3
 Volatile Blastmotes      Fire/Tloc      100%       2d18      0%          3
 Airstrike                Air            80%        2d(12-28) 0%          4
 Anguish                  Hex/Necr       82%        N/A       0%          4
 Animate Armour           Summ/Erth      100%       N/A       0%          4
 Brom's Barrelling Bould  Conj/Erth      100%       2d11      0%          4
 Cause Fear               Hex            83%        N/A       0%          4
 Dispel Undead            Necr           100%       3d31      0%          4
 Flame Wave               Conj/Fire      100%       2d21      0%          4
 Fulminant Prism          Conj/Alch      80%        3d33      0%          4
 Iskenderun's Mystic Bla  Conj/Tloc      100%       2d19      (+2d10%     4
 Leda's Liquefaction      Alch/Erth      80%        N/A       0%          4
 Martyr's Knell           Necr/Summ      100%       N/A       0%          4
 Olgreb's Toxic Radiance  Alch           100%       N/A       0%          4
 Passage of Golubria      Tloc           100%       N/A       0%          4
 Petrify                  Alch/Erth      100%       N/A       0%          4
 Sticky Flame             Fire/Alch      100%       2d15      0%          4
 Summon Blazeheart Golem  Fire/Summ      100%       N/A       0%          4
 Summon Lightning Spire   Summ/Air       100%       N/A       0%          4
 Vhi's Electric Charge    Tloc/Air       100%       N/A       0%          4
 Alistair's Intoxication  Alch           100%       N/A       0%          5
 Borgnjor's Vile Clutch   Necr/Erth      80%        N/A       0%          5
 Curse of Agony           Necr           100%       N/A       0%          5
 Fireball                 Conj/Fire      80%        3d30      0%          5
 Freezing Cloud           Conj/Ice/Air   80%        6-21      0%          5
 Iskenderun's Battlesphe  Conj           100%       2d15      0%          5
 Lee's Rapid Deconstruct  Erth           80%        3d36*     0%          5
 Metabolic Englaciation   Hex/Ice        82%        N/A       0%          5
 Silence                  Hex/Air        82%        N/A       0%          5
 Summon Forest            Summ/Tloc      80%        N/A       0%          5
 Summon Mana Viper        Hex/Summ       100%       N/A       0%          5
 Yara's Violent Unravell  Hex/Alch       82%        3d30      0%          5
 Bombard                  Conj/Erth      80%        9d13      0%          6
 Conjure Ball Lightning   Conj/Air       80%        3x3d30    0%          6
 Death Channel            Necr           81%        N/A       0%          6
 Dispersal                Tloc           80%        N/A       0%          6
 Eringya's Noxious Bog    Alch           80%        4d6       0%          6
 Gell's Gavotte           Tloc           80%        2d(47-70) 0%          6
 Permafrost Eruption      Ice/Erth       80%        2x4d17    0%          6
 Sculpt Simulacrum        Ice/Alch       80%        N/A       0%          6
 Summon Cactus Giant      Summ           80%        N/A       0%          6
 Enfeeble                 Hex            83%        N/A       0%          7
 Haunt                    Necr/Summ      80%        N/A       0%          7
 Magnavolt                Erth/Air       80%        3d29      0%          7
 Manifold Assault         Tloc           80%        N/A       0%          7
 Monstrous Menagerie      Summ           80%        N/A       0%          7
 Orb of Destruction       Conj           80%        9d18      0%          7
 Rimeblight               Ice/Necr       80%        2d13      (prim0%     7
 Seismic Cannonade        Alch/Erth      80%        6d24      0%          7
 Spellforged Servitor     Conj/Summ      80%        N/A       0%          7
 Summon Hydra             Summ           80%        N/A       0%          7
 Discord                  Hex            83%        N/A       0%          8
 Borgnjor's Revivificati  Necr           81%        N/A       1%          8
 Disjunction              Tloc           80%        N/A       1%          8
 Fulsome Fusillade        Conj/Alch      80%        (3-5)d21  1%          8
 Infestation              Necr           81%        N/A       1%          8
 Lehudib's Crystal Spear  Conj/Erth      80%        10d18     1%          8
 Death's Door             Necr           81%        N/A       1%          9
 Animate Dead             Necr           Unusable   N/A       N/A         4

Dungeon Overview and Level Annotations

Branches:
Dungeon (15/15)            Temple (1/1) D:4            Lair (5/5) D:10
 Shoals (4/4) Lair:2       Spider (4/4) Lair:2        Slime (5/5) Lair:5
    Orc (2/2) D:10            Elf (3/3) Orc:2        Vaults (5/5) D:13
  Crypt (3/3) Vaults:2       Tomb (3/3) Crypt:3      Depths (4/4) D:15
   Hell (visited)             Dis (7/7) Hell            Geh (7/7) Hell
    Coc (7/7) Hell            Tar (7/7) Hell            Zot (5/5) Depths:4
  Sewer (visited)           IceCv (visited)          WizLab (visited)
Gauntlet (visited)

Altars:
Ashenzari
Cheibriados
Dithmenos
Elyvilon
Fedhas
Gozag
Hepliaklqana
Kikubaaqudgha
Makhleb
Nemelex Xobeh
Okawaru
Qazlal
Ru
Sif Muna
Trog
Uskayaw
Vehumet
Wu Jian
Xom
Yredelemnul
Zin
The Shining One
Beogh
Jiyva

Shops:
D:1 :   D:4 [[:(   D:8 *=(?!   D:11 [   Orc:2 ((*(   Elf:1 *   Elf:2 [
Elf:3 :   Lair:2 ==   Lair:5 =   Shoals:2 ?   Vaults:1 [*   Vaults:5 *
Depths:1 *   Depths:4 ?

Portals:
Hell: Depths:1 Depths:2 Depths:3 Depths:4
Abyss: Depths:1 Depths:3 Depths:4
Pandemonium: Depths:2 Depths:3

Annotations:
Elf:2 4 runed translucent doors
Vaults:4 2 transporters, Qotsoore's ghost, adept DsFi
Depths:4 2 transporters
Tar:4 3 runed translucent doors


Innate Abilities, Weirdness & Mutations

You are an undying horror.
Your melee and unarmed attacks drain, slow and weaken victims.
You are immune to unholy pain and torment.
You cannot drink.
You are immune to poison.
You have very sharp teeth.
Your uncanny sense of smell can sniff out nearby items.
Your experience applies equally to all skills.
You possess an exceptional clarity of mind.
You occasionally shout uncontrollably at your foes.
You passively dampen the noise of your surroundings.


Message History

Moving in this stuff is going to be slow.
The hellwing swoops through the air toward you!
You block the hellwing's attack. x2
A nearby plant withers and dies.
The hellwing completely misses you. You block the hellwing's attack. x3
The hellwing completely misses you. You block the hellwing's attack.
You completely miss the hellwing.
You bite the hellwing, but do no damage.
The hellwing is almost dead.
You block the hellwing's attack. x2
A sun demon comes into view.
You howl at the sun demon!
A balrug and 2 sun demons come into view.
The balrug is wielding a +0 demon whip of draining.
You howl at the sun demon!
You block the hellwing's attack. x2
Casting: Shatter (mildly dangerous; 1% risk of failure)
Confirm with . or Enter, or press ? or * to list all spells.
You feel a surge of power!
A great freezing vortex appears and lifts you up.
You kill the hellwing!
The plant begins to die.
The balrug gestures at you. The pyre arrow misses you.
A tree falls to the furious winds!
The balrug gestures at you. Something smites you!
You block the sun demon's attack.
You take 10 damage, and have 237/247 hp.
You kill the sun demon! x2; You kill the balrug!
You kill the sun demon!
You destroy the bush! x2
You now have 16976 gold pieces (gained 6).
You destroy the plant!
A tree falls to the furious winds! x3
The winds around you start to calm down.
You float gracefully downwards.
There is a staircase leading out of the dungeon here.
You are engulfed in whirling frost.
You now have 16979 gold pieces (gained 3).
The winds around you calm down.
There is a staircase leading out of the dungeon here.
You have escaped!

♣P~~♣.~~P♣.P~~♣#.#...
♣♣~~~♣♣~~~♣♣~~~♣#..... ###
♣..^.♣♣.^..♣.^.♣#.##.. ..#
♣PP..♣♣.$..♣P.P.#.##.. ..#
♣♣♣♣♣♣♣.♣♣♣..♣♣♣♣..♣..##..
..# ♣♣P~.P♣......$.♣♣..♣
#.##.. ..#
♣ß~~^..........♣.P.###.....
..#
♣♣~~.P♣.................##.
..#
♣♣♣♣♣♣...z..$.............
..#
♣♣P~.P♣..................#.
..#
♣ß~~^..........♣♣..###..###
### ♣♣P~.P.........♣♣..♣
#.>...
♣♣♣♣♣♣♣.♣♣♣♣.♣.♣♣.♣♣#..#.#
♣P...♣♣...P♣..P♣#..#..
♣..^.♣♣.^.P♣.^.♣#..###
♣♣~~~♣♣~~~♣♣~~~♣####
♣P~~♣♣P~P♣♣~~~♣


There were no monsters in sight!

Vanquished Creatures
  Cerebov (Pan)
  Antaeus (Coc:7)
  Asmodeus (Geh:7)
  Ignacio (Pan)
  Ereshkigal (Tar:7)
  the Royal Jelly (Slime:5)
  Mnoleg (Pan)
  Gloorx Vloq (Pan)
  the Serpent of Hell (Dis:7)
  2 seraphim
  Lom Lobon (Pan)
  Frederick (Vaults:4)
  The ghost of shadizar the Meteorologist, a legendary DjAE of Makhleb (Zig:12)
  3 ancient liches
  2 orbs of fire (Zot:5)
  Dispater (Dis:7)
  7 dread liches
  17 pandemonium lords
  6 juggernauts
  The ghost of ViolentViolet the Executioner, a legendary CoGl of Hepliaklqana (Zig:12)
  The ghost of Konar the Struggler, a legendary CoHu of Okawaru (Zig:12)
  Sojobo (Depths:3)
  37 royal mummies
  Boris (Tomb:2)
  Vv (Depths:3)
  Saint Roka (Vaults:2)
  13 Killer Klowns
  The ghost of Afra the Sorcerer, a veteran FoHs of Okawaru (Depths:2)
  6 shard shrikes
  21 caustic shrikes
  The ghost of zorb987 the Executioner, a veteran MiFi of Okawaru (Depths:2)
  Geryon (Hell)
  11 golden dragons
  6 curse toes
  6 profane servitors
  12 Brimstone Fiends
  3 electric golems (Zot:5)
  15 bone dragons
  9 Tzitzimimeh
  10 doom hounds
  9 iron giants
  17 Hell Sentinels
  Jorgrun (Shoals:3)
  A shard shrike zombie (Tomb:3)
  9 Ice Fiends
  A walking crystal tome (Depths:4)
  14 liches
  17 tentacled monstrosities
  29 Orb Guardians
  12 hellephants
  8 tainted leviathans
  4 deep elf master archers
  16 titans
  7 sphinxes
  9 quicksilver dragons
  3 deep elf blademasters
  26 acid blobs
  10 searing wretches
  3 tentacled starspawn
  41 ancient champions
  A walking divine tome (Depths:2)
  A kraken (Shoals:4)
  15 Executioners (Pan)
  14 shadow dragons
  6 death cobs
  8 tengu reavers
  2 eldritch tentacles (WizLab)
  17 storm dragons
  10 revenants
  14 protean progenitors
  Aizul (Spider:4)
  Ilsuiw (Shoals:3)
  7 demonspawn warmongers (Pan)
  21 azure jellies
  3 daevas
  11 rockslimes
  10 iron dragons
  13 draconian monks
  2 fire giants (shapeshifter) (Zig:21)
  A fenstrider witch (shapeshifter) (Zig:21)
  23 fire giants
  10 deep elf sorcerers
  26 narguns
  A fenstrider witch (Pan)
  26 vault wardens
  12 draconian knights
  6 emperor scorpions
  8 nagarajas
  11 quicksilver elementals
  2 azure jellies (shapeshifter) (Zig:21)
  Louise (Shoals:1)
  8 draconian scorchers
  10 draconian shifters
  6 shard shrike simulacra
  A caustic shrike zombie (Crypt:3)
  19 frost giants
  14 ghost moths
  44 balrugs
  4 deep elf elementalists
  A spectral juggernaut (Tar:1)
  6 curse skulls
  2 juggernaut zombies
  10 angels
  4 draconian stormcallers
  7 cacodemons (Pan)
  4 ghouls
  17 ironbound preservers
  13 draconian annihilators
  4 caustic shrike skeletons
  21 very ugly things
  2 demonspawn blood saints (Pan)
  11 demonspawn corrupters
  26 reapers
  12 quicksilver oozes
  7 spriggan defenders
  19 stone giants
  6 broodmothers
  11 demonspawn black suns
  6 formless jellyfish
  4 juggernaut skeletons
  10 deep elf demonologists
  26 elemental wellsprings
  11 ironbound thunderhulks
  8 ophanim (Pan)
  16 wendigos
  11 white draconians
  14 deep elf death magi
  3 vampire knights
  2 apis (Pan)
  A stone giant (shapeshifter) (Zig:21)
  9 yellow draconians
  7 black draconians
  A bunyip (Zig:2)
  7 green draconians
  15 dire elephants
  18 war gargoyles
  4 lorocyprocas
  12 deep elf annihilators
  3 spectral titans
  29 spark wasps
  3 halazid warlocks (Tar:2)
  A minotaur (Gauntlet)
  11 putrid mouths
  Snorg (Lair:4)
  14 bennus
  12 purple draconians
  6 red draconians
  23 eidola
  11 iron golems
  12 fire dragons
  9 yaktaur captains
  31 mummy priests
  A quicksilver dragon zombie (Crypt:3)
  8 green deaths
  13 merfolk impalers
  A spectral quicksilver dragon (Tar:4)
  10 ettins
  8 blizzard demons
  5 jiangshi
  8 merfolk javelineers
  2 spectral spriggans
  A spectral fenstrider witch (Tar:1)
  36 vault guards
  5 deep elf high priests
  3 spriggan zombies
  A spectral golden dragon (Tar:5)
  17 entropy weavers
  A fenstrider witch zombie (Tomb:2)
  11 great orbs of eyes
  9 ice dragons
  A quicksilver dragon skeleton (Zig:16)
  A spectral iron giant (Tar:2)
  5 rakshasas
  2 spriggan skeletons
  4 hydras
  12 caustic shrike simulacra
  A juggernaut simulacrum (Coc:4)
  A spectral shadow dragon (Tar:1)
  An entropy weaver (shapeshifter) (D:9)
  4 alligator snapping turtles
  4 hell beasts
  2 peacekeepers
  13 salamander tyrants
  7 radroaches
  An Orb Guardian zombie (Crypt:1)
  3 alligators
  23 centaur warriors
  3 merfolk avatars
  11 ironbound frosthearts
  A fenstrider witch skeleton (Tomb:1)
  2 ghost crabs (Zig:12)
  A jorogumo (shapeshifter) (Zig:21)
  8 spriggan air magi
  A two-headed ogre (shapeshifter) (Depths:2)
  An ogre mage (Vaults:1)
  5 merfolk aquamancers
  A death knight (Crypt:1)
  6 jorogumos
  12 death yaks
  41 dancing weapons
  79 death scarabs
  A spectral stone giant (Tar:2)
  14 boulder beetles
  4 stokers
  5 two-headed ogres
  44 hell hogs
  10 deep troll shamans
  3 anacondas (Zig:18)
  6 satyrs
  4 thrashing horrors
  7 tengu warriors
  2 vampire magi
  11 deep troll earth magi
  8 orc high priests
  Urug (D:11)
  4 naga warriors (Zig:18)
  3 spectral nagas
  5 shock serpents
  10 spriggan berserkers
  2 occultists
  A spectral dire elephant (Tar:2)
  18 demonic crawlers
  48 sun demons
  6 iron trolls
  7 naga sharpshooters
  19 soul eaters
  5 spriggans
  A shock serpent (shapeshifter) (Zig:21)
  3 spectral emperor scorpions (Pan)
  2 storm dragon zombies
  15 deep elf knights
  33 hell knights
  3 hellephant skeletons (Pan)
  2 skysharks
  11 skeletal warriors
  3 spectral anacondas
  A ghost moth zombie (Crypt:1)
  A wretched star (Abyss:3)
  7 crystal echidnas
  2 salamander mystics (Zig:18)
  A titan skeleton (Zig:16)
  9 cherubim
  3 death drakes (Zig:19)
  46 deep trolls
  2 quicksilver dragon simulacra
  13 sea snakes
  A sea snake (shapeshifter) (Vaults:4)
  8 orb spiders
  12 pharaoh ants
  10 shadow wraiths
  2 storm dragon skeletons (Crypt:1)
  3 naga ritualists (Zig:18)
  9 sixfirhies
  2 anaconda zombies
  2 bunyip zombies
  13 deep elf archers
  10 arcanists
  14 shadow demons
  9 flayed ghosts
  A spatial maelstrom (Abyss:3)
  A deep troll (shapeshifter) (Depths:1)
  A mana viper (Zig:18)
  Pikel (D:7)
  4 swamp dragons (Zig:19)
  A mana viper (shapeshifter) (Zig:21)
  9 glowing orange brains
  5 lindwurms (Vaults:1)
  3 lightning spires (Zig:19)
  3 bog bodies
  A shadow dragon zombie (Zig:15)
  A spectral hydra (Tar:1)
  14 phantasmal warriors
  2 golden dragon skeletons
  5 obsidian statues
  10 sun moths
  7 thermic dynamos
  21 ironbound convokers
  A harpy (shapeshifter) (Elf:1)
  An orange crystal statue (Elf:3)
  6 spriggan simulacra
  11 steelbarb worms
  2 bunyip skeletons (Crypt:3)
  A tengu skeleton (Depths:3)
  An anaconda skeleton (Tomb:1)
  26 deep elf zephyrmancers
  9 shining eyes
  3 obsidian bats
  29 deep elf pyromancers
  18 nameless horrors
  3 shadow dragon skeletons
  23 necromancers
  7 orc sorcerers
  An iron dragon zombie (Zig:16)
  A wolf spider (shapeshifter) (Depths:4)
  31 harpies
  26 ugly things
  9 salamanders
  19 orc knights
  18 manticores
  18 fauns
  A spectral ettin (Tar:4)
  20 wolf spiders
  3 shining eyes (shapeshifter)
  A fire giant skeleton (Zig:9)
  10 merfolk sirens
  17 large abominations
  A moth of wrath (shapeshifter) (Zig:21)
  2 worldbinders (WizLab)
  3 iron dragon skeletons (Zig:16)
  3 ice statues (Coc:7)
  2 spectral centaurs (Tar:2)
  5 cyclopes
  17 elephants
  2 titan simulacra
  5 dire elephant zombies
  4 Executioner simulacra (Pan)
  10 meliai
  9 black mambas
  22 moths of wrath
  4 eyes of devastation
  2 guardian serpents (Depths:4)
  12 apocalypse crabs
  3 kobold blastminers
  2 centaur zombies
  2 black mambas (shapeshifter)
  4 gargoyles
  5 orange demons (Pan)
  2 water nymphs (shapeshifter)
  6 water nymphs
  4 molten gargoyles (Hell)
  25 hellions
  21 smoke demons
  An eye of devastation (shapeshifter) (Zig:21)
  27 vault sentinels
  4 naga magi (Zig:18)
  15 torpor snails
  A rust devil (Pan)
  4 centaur skeletons
  A yellow draconian zombie (Crypt:2)
  3 dire elephant skeletons
  7 cane toads
  3 bunyip simulacra
  4 komodo dragons
  24 yaktaurs
  Psyche (D:11)
  2 kobold demonologists
  5 rime drakes
  20 tormentors
  9 efreet
  A spark wasp simulacrum (Zig:9)
  A tengu conjurer (D:13)
  5 anaconda simulacra
  16 freezing wraiths
  11 ice devils
  A sea snake zombie (Crypt:1)
  A golden dragon simulacrum (Coc:3)
  66 guardian mummies
  A queen bee (shapeshifter) (Elf:1)
  A harpy zombie (Tomb:2)
  An iron giant simulacrum (Coc:2)
  35 merfolk
  4 red devils
  2 merfolk (shapeshifter)
  2 ancient zymes (Abyss:3)
  29 hellwings
  15 wind drakes
  6 trolls
  23 tarantellas
  27 jumping spiders
  An alligator simulacrum (Crypt:1)
  6 spectral harpies
  A jumping spider (shapeshifter) (Depths:4)
  A dream sheep (shapeshifter) (Zig:21)
  4 harpy skeletons
  8 glass eyes
  6 hornets
  A spectral elephant (Lair:5)
  9 blink frogs (Lair:5)
  A tyrant leech (Zig:2)
  A hornet (shapeshifter) (Vaults:5)
  Grinder (D:3)
  11 snapping turtles
  5 dream sheep
  5 ettin zombies
  A hydra skeleton (Tomb:3)
  A stone giant simulacrum (Coc:7)
  2 air elementals
  3 centaur simulacra (Coc:2)
  A meliai zombie (D:15)
  117 slime creatures
  A spectral black mamba (Tar:2)
  2 shadows
  An ettin skeleton (Tomb:1)
  24 culicivoras
  4 fire elementals
  A merfolk skeleton (Crypt:3)
  9 dire elephant simulacra
  21 ushabtiu
  A human (shapeshifter) (D:13)
  17 wraiths
  23 water elementals
  6 wyverns
  10 ynoxinuls
  A hog (shapeshifter) (Elf:2)
  A warg (shapeshifter) (Abyss:3)
  40 yaks
  8 steam dragons (Zig:19)
  5 basilisks
  33 redbacks
  3 golden eyes (Slime:4)
  A death yak simulacrum (Lair:5)
  6 spatial vortices (Abyss:3)
  8 minotaur simulacra
  2 alligator snapping turtle simulacra
  15 neqoxecs
  2 wargs (Orc:2)
  A glowing shapeshifter zombie (Zig:9)
  13 harpy simulacra
  10 chaos spawn
  A redback (shapeshifter) (Zig:21)
  4 nagas
  7 vampire mosquitoes
  2 spectral cane toads (Lair:5)
  3 acid dragons (Zig:19)
  Edmund (D:6)
  8 water moccasins
  Duvessa (D:7)
  2 hell hounds (Zot:2)
  2 hydra simulacra (Coc:4)
  A naga skeleton (Crypt:3)
  49 orc warriors
  2 swamp drakes (Zig:19)
  3 ice beasts
  3 black bears
  7 laughing skulls
  7 ettin simulacra
  A tengu (D:7)
  A boggart (WizLab)
  13 ogres
  2 small abominations (Abyss:3)
  An elephant skeleton (Lair:5)
  10 wolves
  2 manticore skeletons
  A phantom (D:5)
  7 centaurs
  A swamp dragon skeleton (Crypt:2)
  4 lemures (D:7)
  7 kobold brigands
  14 bullfrogs
  A gnoll sergeant (D:8)
  10 scorpions
  6 deep troll simulacra
  A cane toad simulacrum (Lair:5)
  2 earth elementals (Zig:13)
  A glowing shapeshifter simulacrum (Depths:3)
  3 naga simulacra
  6 wyvern skeletons (Crypt:3)
  Dowan (D:7)
  A lindwurm simulacrum (Spider:4)
  11 killer bees
  A polar bear skeleton (Crypt:2)
  5 howler monkeys
  9 electric eels
  A human simulacrum (Vaults:1)
  4 crimson imps (Zig:21)
  24 orc priests
  A quasit (Pan)
  3 hounds
  A bombardier beetle (D:4)
  2 jellies
  2 gnoll boudas
  3 starcursed masses (Abyss:3)
  5 iguanas
  14 orc wizards
  9 hell rats
  A black bear skeleton (Crypt:2)
  A crocodile zombie (Crypt:1)
  79 mummies
  Robin (D:4)
  13 gnolls
  8 adders
  2 white imps
  6 ufetubi
  4 ribbon worms
  A dart slug (D:3)
  84 orcs
  4 endoplasms
  9 giant cockroaches
  9 goblins
  2 hobgoblins (D:4)
  2 jackals (D:1)
  35 kobolds
  2 quokkas
  7 ball pythons
  A ball python zombie (Crypt:1)
  7 bats
  2 frilled lizards
  A frilled lizard skeleton (Crypt:2)
  9 rats
  21 aspiring fleshes
  4 butterflies
  4 creeping infernos
  29 fire vortices
  4 starspawn tentacles
  3 tentacles (Shoals:4)
4333 creatures vanquished.

Vanquished Creatures (collateral kills)
  An ancient lich (Tar:7)
  Boris (Elf:3)
  Nikola (Shoals:3)
  Arachne (Spider:4)
  A Tzitzimitl (Tar:7)
  3 doom hounds (Tar:7)
  4 bone dragons (Tar:7)
  2 tainted leviathans (Tar:7)
  Mlioglotl (Spider:3)
  An ancient champion (Vaults:2)
  An emperor scorpion (Spider:4)
  The ghost of Meogie the Warrior, a journeyman MiBe of Trog (Orc:2)
  4 reapers
  A quicksilver ooze (Gauntlet)
  An ironbound preserver (Vaults:1)
  A formless jellyfish (Vaults:4)
  2 dire elephants
  2 putrid mouths (Tar:7)
  The ghost of Hiramiqi the Summoner, a journeyman TeFE of Vehumet (Lair:4)
  3 eidola (Tar:7)
  A yaktaur captain (Vaults:2)
  4 ice dragons
  3 great orbs of eyes
  A peacekeeper (Vaults:3)
  A hydra (D:14)
  Erolcha (D:13)
  A rakshasa (Depths:1)
  A centaur warrior (D:13)
  10 dancing weapons (Elf:2)
  A tengu warrior (D:14)
  A boulder beetle (D:13)
  2 sun demons
  2 deep elf knights (Elf:2)
  A shadow wraith (Tar:7)
  An iron troll (Depths:1)
  A deep troll (Vaults:1)
  2 phantasmal warriors (Vaults:2)
  An arcanist (Vaults:3)
  A spectral hydra (Gauntlet)
  An anaconda skeleton (WizLab)
  A deep elf pyromancer (Elf:2)
  A deep elf zephyrmancer (Elf:2)
  5 ugly things
  3 harpies (Vaults:3)
  A water nymph (shapeshifter) (WizLab)
  A vault sentinel (Vaults:1)
  A smoke demon (Depths:1)
  A large abomination (WizLab)
  A gargoyle (D:14)
  2 tormentors (Tar:7)
  A freezing wraith (D:14)
  A silent spectre (Tar:7)
  A troll (D:13)
  2 nameless horrors
  An alligator simulacrum (Spider:4)
  10 slime creatures
  An elephant skeleton (Lair:5)
  2 ball pythons (D:1)
  A bat (D:1)
  A goblin (D:4)
  A hobgoblin (D:1)
  A kobold (D:1)
110 creatures vanquished.

Vanquished Creatures (others)
  A Killer Klown (Zig:21)
  An eldritch tentacle (Pan)
  An azure jelly (Coc:7)
  A demonspawn blood saint (Pan)
  A lorocyproca (Depths:1)
  2 quicksilver dragon simulacra (Coc:7)
  A nameless horror (Vaults:3)
  A naga simulacrum (Coc:7)
  A slime creature (D:13)
  A harpy simulacrum (Coc:4)
  A goblin (D:4)
  A creeping inferno (Geh:6)
  18 fire vortices
  4 starspawn tentacles
  A tentacle (Shoals:4)
36 creatures vanquished.

Grand Total: 4479 creatures vanquished

Notes
Turn   | Place    | Note
-------+----------+-------------------------------------------
     0 | D:1      | 1Anon the Gnoll Necromancer began the quest for the Orb.
     0 | D:1      | Reached XP level 1. HP: 13/13 MP: 6/6
   101 | D:1      | Found Ihasof's Book Shoppe.
   334 | D:1      | Found a faded altar of an unknown god.
   343 | D:1      | Reached XP level 2. HP: 16/19 MP: 4/7
  1595 | D:1      | Reached skill level 5 in Spellcasting
  1595 | D:1      | Reached XP level 3. HP: 25/25 MP: 6/9
  1732 | D:1      | Learned a level 3 spell: Vampiric Draining
  2030 | D:2      | Reached skill level 1 in Invocations
  2242 | D:2      | Found the amulet of Elemental Vulnerability {rPois rF--
                  | rC-- AC+8}
  3084 | D:3      | Reached skill level 1 in Fighting
  3084 | D:3      | Reached skill level 1 in Short Blades
  3084 | D:3      | Reached skill level 1 in Long Blades
  3084 | D:3      | Reached skill level 1 in Axes
  3084 | D:3      | Reached skill level 1 in Maces & Flails
  3084 | D:3      | Reached skill level 1 in Polearms
  3084 | D:3      | Reached skill level 1 in Staves
  3084 | D:3      | Reached skill level 1 in Ranged Weapons
  3084 | D:3      | Reached skill level 1 in Throwing
  3084 | D:3      | Reached skill level 1 in Armour
  3084 | D:3      | Reached skill level 1 in Shields
  3084 | D:3      | Reached skill level 1 in Unarmed Combat
  3084 | D:3      | Reached skill level 1 in Evocations
  3093 | D:3      | Reached skill level 1 in Shapeshifting
  3093 | D:3      | Reached XP level 4. HP: 32/32 MP: 11/11
  3095 | D:3      | Identified the +4 chain mail of Eneaz {Rampage rC+}
  3101 | D:3      | Learned a level 4 spell: Animate Dead
  3209 | D:3      | Noticed Grinder
  3548 | D:3      | Killed Grinder
  3549 | D:3      | Reached skill level 1 in Conjurations
  3549 | D:3      | Reached skill level 1 in Hexes
  3549 | D:3      | Reached skill level 1 in Summonings
  3549 | D:3      | Reached skill level 1 in Translocations
  3549 | D:3      | Reached skill level 1 in Fire Magic
  3549 | D:3      | Reached skill level 1 in Ice Magic
  3549 | D:3      | Reached skill level 1 in Air Magic
  3549 | D:3      | Reached skill level 1 in Earth Magic
  3549 | D:3      | Reached skill level 1 in Alchemy
  3549 | D:3      | Reached XP level 5. HP: 12/38 MP: 3/12
  3549 | D:3      | Reached XP level 6. HP: 13/44 MP: 3/14
  4104 | D:3      | Reached skill level 5 in Dodging
  4338 | D:3      | Found a white marble altar of Elyvilon.
  4415 | D:4      | Found Qoecam's Book Emporium.
  4435 | D:4      | Found Jiacois's Weapon Boutique.
  4452 | D:4      | Noticed Robin
  4490 | D:4      | Killed Robin
  4690 | D:4      | Found Goufabau's Armour Shoppe.
  4788 | D:4      | Found Zeysh's Antique Armour Emporium.
  4892 | D:4      | Found a staircase to the Ecumenical Temple.
  4935 | Temple   | Entered the Ecumenical Temple
  4954 | Temple   | Became a worshipper of Gozag Ym Sagoz the Greedy
  5181 | D:4      | Found a broken altar of Ashenzari.
  5280 | D:5      | Entered Level 5 of the Dungeon
  5280 | D:5      | Noticed a black bear
  5286 | D:5      | Killed a black bear
  5287 | D:5      | Reached XP level 7. HP: 36/51 MP: 15/15
  5637 | D:5      | Got Nitubb's Lectures on Fog and Glaciation
  5743 | D:5      | Reached skill level 5 in Stealth
  6432 | D:5      | Reached XP level 8. HP: 58/58 MP: 16/16
  6575 | D:1      | Learned a level 3 spell: Frozen Ramparts
  6892 | D:5      | Found an ancient bone altar of Kikubaaqudgha.
  7109 | D:4      | Bought the +0 robe of the Wild Haggis {rElec Archmagi} for
                  | 315 gold pieces
  7573 | D:6      | Found a glowing drain.
  7614 | Sewer    | Entered a sewer
  8144 | D:6      | Found a shimmering blue altar of Sif Muna.
  8256 | D:6      | Reached XP level 9. HP: 65/65 MP: 17/18
  8519 | D:6      | Found a basalt altar of Yredelemnul.
  8705 | D:6      | You fall into a shaft and drop 2 floors!
  8705 | D:8      | Found Hithac Mirch's Distillery.
  8709 | D:8      | Bought a potion of curing for 39 gold pieces
  8709 | D:8      | Bought a potion of lignification for 39 gold pieces
  8709 | D:8      | Bought a potion of heal wounds for 65 gold pieces
  8931 | D:8      | Found Hisudi's Magic Scroll Shoppe.
  8941 | D:8      | Bought a scroll of amnesia for 48 gold pieces
  8945 | D:8      | Learned a level 2 spell: Ensorcelled Hibernation
  9111 | D:6      | Noticed Edmund
  9117 | D:6      | Learned a level 3 spell: Passwall
  9135 | D:6      | Killed Edmund
  9422 | D:6      | Reached skill level 5 in Invocations
  9661 | D:7      | Found a stormy altar of Qazlal.
  9697 | D:7      | Noticed Maggie
  9731 | D:7      | Maggie changed into Maggie the tengu
  9731 | D:7      | Noticed Maggie
  9735 | D:7      | Killed Maggie the tengu
  9886 | D:4      | Bought a Young Poisoner's Handbook for 240 gold pieces
  9891 | D:4      | Learned a level 4 spell: Olgreb's Toxic Radiance
 10277 | D:7      | Found a hide-covered altar of Uskayaw.
 10330 | D:7      | Noticed Pikel
 10347 | D:7      | Killed Pikel
 10348 | D:7      | Reached skill level 5 in Fighting
 10348 | D:7      | Reached skill level 5 in Short Blades
 10348 | D:7      | Reached skill level 5 in Long Blades
 10348 | D:7      | Reached skill level 5 in Axes
 10348 | D:7      | Reached skill level 5 in Maces & Flails
 10348 | D:7      | Reached skill level 5 in Polearms
 10348 | D:7      | Reached skill level 5 in Staves
 10348 | D:7      | Reached skill level 5 in Ranged Weapons
 10348 | D:7      | Reached skill level 5 in Throwing
 10348 | D:7      | Reached skill level 5 in Armour
 10348 | D:7      | Reached skill level 5 in Shields
 10348 | D:7      | Reached skill level 5 in Unarmed Combat
 10348 | D:7      | Reached skill level 5 in Evocations
 10348 | D:7      | Reached XP level 10. HP: 72/74 MP: 20/20
 10506 | D:4      | Bought a Trismegistus Codex for 336 gold pieces
 10511 | D:4      | Learned a level 4 spell: Ignite Poison
 10637 | D:7      | Noticed Duvessa
 10640 | D:7      | Killed Duvessa
 10642 | D:7      | Noticed Dowan
 10644 | D:7      | Killed Dowan
 10807 | D:8      | Reached skill level 5 in Shapeshifting
 10953 | D:8      | Found Wiolor's Jewellery Emporium.
 11055 | D:8      | Bought a ring of poison resistance for 220 gold pieces
 11077 | D:8      | Found Hotuttye's General Store.
 11254 | D:8      | Noticed a two-headed ogre
 11266 | D:8      | Killed a two-headed ogre
 11518 | D:8      | Found a runed translucent door.
 11530 | D:8      | Found a runed translucent door.
 11772 | D:8      | Found Iraoxo's Weapon Boutique.
 11959 | D:9      | Identified a scroll of acquirement
 11968 | D:9      | Acquired 996 gold pieces
 11972 | D:9      | Noticed a boulder beetle
 11972 | D:9      | Noticed an entropy weaver
 11972 | D:9      | Noticed a tengu warrior
 11972 | D:9      | Noticed a cyclops
 11972 | D:9      | Noticed a five-headed hydra
 11972 | D:9      | Noticed a brown ugly thing
 11972 | D:9      | Noticed a centaur warrior
 12003 | D:9      | Identified the +0 robe of Integrity {rPois}
 12157 | D:9      | Reached skill level 5 in Conjurations
 12157 | D:9      | Reached skill level 5 in Hexes
 12157 | D:9      | Reached skill level 5 in Summonings
 12157 | D:9      | Reached skill level 5 in Translocations
 12157 | D:9      | Reached skill level 5 in Fire Magic
 12157 | D:9      | Reached skill level 5 in Ice Magic
 12157 | D:9      | Reached skill level 5 in Air Magic
 12157 | D:9      | Reached skill level 5 in Earth Magic
 12157 | D:9      | Reached skill level 5 in Alchemy
 12157 | D:9      | Reached XP level 11. HP: 68/81 MP: 15/22
 12248 | D:10     | Entered Level 10 of the Dungeon
 12280 | D:10     | Found a staircase to the Lair.
 12702 | D:10     | Noticed a boulder beetle
 12713 | D:10     | Killed a boulder beetle
 12883 | D:10     | Noticed a two-headed ogre
 12896 | D:10     | Killed a two-headed ogre
 12968 | D:10     | Found a staircase to the Orcish Mines.
 13258 | D:10     | Found a sacrificial altar of Ru.
 13660 | D:11     | Noticed a two-headed ogre
 13665 | D:11     | Killed a two-headed ogre
 13844 | D:11     | Noticed Psyche
 13931 | D:11     | Noticed a two-headed ogre
 13937 | D:11     | Killed a two-headed ogre
 14294 | D:11     | Found the +8 autumn katana {manifold assault}
 14339 | D:11     | Noticed Urug
 14361 | D:11     | Noticed Maurice
 14364 | D:11     | Maurice changed into Maurice the ribbon worm
 14364 | D:11     | Noticed Maurice
 14372 | D:11     | Killed Maurice the ribbon worm
 14690 | D:11     | Killed Psyche
 14691 | D:11     | Reached XP level 12. HP: 88/91 MP: 18/24
 14977 | D:11     | Killed Urug
 15007 | D:11     | Bought an ichor-stained helmet for 323 gold pieces
 15007 | D:11     | Identified the +2 helmet "Efituy" {rF+ Slay-2 Stlth+} (You
                  | bought it in a shop on level 11 of the Dungeon)
 15020 | D:11     | Bought a jewelled robe for 193 gold pieces
 15020 | D:11     | Identified the +0 robe of the King of the Hill {-Tele rPois
                  | Regen+ rCorr} (You bought it in a shop on level 11 of the
                  | Dungeon)
 15080 | Lair:1   | Entered Level 1 of the Lair of Beasts
 15901 | Lair:2   | Noticed a boulder beetle
 15909 | Lair:2   | Killed a boulder beetle
 15936 | Lair:2   | Noticed a death yak
 16201 | Lair:2   | Found a hole to the Spider Nest.
 16323 | Lair:2   | Noticed a death yak
 16333 | Lair:2   | Noticed a death yak
 16371 | Lair:2   | Killed a death yak
 16476 | Lair:2   | Noticed a death yak
 16484 | Lair:2   | Killed a death yak
 16484 | Lair:2   | Noticed a death yak
 16493 | Lair:2   | Killed a death yak
 16499 | Lair:2   | Killed a death yak
 16499 | Lair:2   | Killed a death yak
 17159 | Lair:2   | Found a staircase to the Shoals.
 17321 | Lair:3   | Reached XP level 13. HP: 98/98 MP: 26/26
 17695 | Lair:3   | Reached skill level 10 in Necromancy
 17828 | Lair:3   | You fall into a shaft and drop 2 floors!
 17828 | Lair:5   | Entered Level 5 of the Lair of Beasts
 17831 | Lair:5   | Found a staircase to the Slime Pits.
 17831 | Lair:5   | Found a viscous altar of Jiyva.
 18045 | Lair:4   | Found a runed translucent door.
 18049 | Lair:4   | Noticed Hiramiqi's ghost (journeyman TeFE)
 18058 | Lair:4   | Learned a level 5 spell: Irradiate
 18119 | Lair:4   | Noticed Snorg
 18129 | Lair:4   | Killed Snorg
 18484 | Lair:4   | Reached skill level 10 in Spellcasting
 18583 | Lair:3   | Learned a level 5 spell: Freezing Cloud
 19879 | Lair:4   | Reached skill level 10 in Dodging
 20026 | Lair:4   | Upgraded the game from 0.32-a0-931-g5a2cda0630 to
                  | 0.32-a0-933-ga8fa3634e4
 20599 | Lair:5   | Reached skill level 10 in Stealth
 20835 | Lair:5   | Reached XP level 14. HP: 108/108 MP: 22/28
 20892 | Lair:5   | Reached skill level 10 in Invocations
 21562 | Lair:5   | Noticed a dire elephant
 21563 | Lair:5   | Noticed a dire elephant
 22068 | Orc:1    | Entered Level 1 of the Orcish Mines
 22877 | Orc:2    | Entered Level 2 of the Orcish Mines
 23164 | Orc:2    | Noticed Meogie's ghost (journeyman MiBe)
 23239 | Orc:2    | Found a transporter.
 23269 | Orc:2    | Found a transporter.
 23418 | Orc:2    | Found a roughly hewn altar of Beogh.
 25891 | Orc:2    | Found Ykianu's Antique Weapon Shop.
 25894 | Orc:2    | Found Cic Buyg's Antique Weapon Shop.
 25895 | Orc:2    | Found Upicsan's Weapon Shop.
 25896 | Orc:2    | Found Gewkext's Assorted Antiques.
 25902 | Orc:2    | Bought a scroll labelled WAPIOWE XOUPLE for 29 gold pieces
 26022 | Orc:2    | Found a staircase to the Elven Halls.
 26638 | D:9      | Reached skill level 10 in Fighting
 26638 | D:9      | Reached skill level 10 in Short Blades
 26638 | D:9      | Reached skill level 10 in Long Blades
 26638 | D:9      | Reached skill level 10 in Axes
 26638 | D:9      | Reached skill level 10 in Maces & Flails
 26638 | D:9      | Reached skill level 10 in Polearms
 26638 | D:9      | Reached skill level 10 in Staves
 26638 | D:9      | Reached skill level 10 in Ranged Weapons
 26638 | D:9      | Reached skill level 10 in Throwing
 26638 | D:9      | Reached skill level 10 in Armour
 26638 | D:9      | Reached skill level 10 in Shields
 26638 | D:9      | Reached skill level 10 in Unarmed Combat
 26638 | D:9      | Reached skill level 10 in Evocations
 27304 | D:9      | Found an ornate altar of the Wu Jian Council.
 27451 | D:4      | Bought a +0 pair of boots for 49 gold pieces
 27686 | Shoals:1 | Entered Level 1 of the Shoals
 27719 | Shoals:1 | Reached XP level 15. HP: 80/115 MP: 10/30
 28250 | Shoals:1 | Upgraded the game from 0.32-a0-933-ga8fa3634e4 to
                  | 0.32-a0-960-g3814254bd7
 28275 | Shoals:1 | Upgraded the game from 0.32-a0-960-g3814254bd7 to
                  | 0.32-a0-975-g85d4e5bfdb
 28279 | Shoals:1 | Upgraded the game from 0.32-a0-975-g85d4e5bfdb to
                  | 0.32-a0-981-g384da2ce10
 28418 | Shoals:1 | Noticed Louise
 28916 | Shoals:2 | Found Qeulet's Magic Scroll Shop.
 28937 | Shoals:2 | Bought a scroll of blinking for 120 gold pieces
 28937 | Shoals:2 | Bought a scroll of teleportation for 48 gold pieces
 28937 | Shoals:2 | Bought a scroll of enchant armour for 120 gold pieces
 30233 | Shoals:3 | Identified the blade talisman of Dekles {rC- Str+4 Slay+2}
 30536 | Shoals:4 | Entered Level 4 of the Shoals
 30560 | Shoals:3 | Noticed Ilsuiw
 30567 | Shoals:3 | Killed Ilsuiw
 30651 | Shoals:3 | Noticed Nikola
 30765 | Shoals:4 | Reached skill level 10 in Shapeshifting
 30924 | Shoals:4 | Reached XP level 16. HP: 124/124 MP: 6/32
 31990 | Shoals:4 | Got a barnacled rune of Zot
 32991 | Shoals:4 | Got the Thoughts on Debased Deeds and the Geologist
 33255 | Shoals:4 | Noticed a kraken
 33261 | Shoals:4 | Killed a kraken
 33614 | Lair:2   | Bought the ring of Moderation {rPois rF+ Int+6} for 813
                  | gold pieces
 33688 | Spider:1 | Entered Level 1 of the Spider Nest
 33712 | Spider:1 | Identified the ring "Umuko" {rPois rC+ Will++}
 35460 | Spider:2 | Reached XP level 17. HP: 133/133 MP: 26/33
 35710 | Spider:2 | Reached skill level 10 in Conjurations
 35710 | Spider:2 | Reached skill level 10 in Hexes
 35710 | Spider:2 | Reached skill level 10 in Summonings
 35710 | Spider:2 | Reached skill level 10 in Translocations
 35710 | Spider:2 | Reached skill level 10 in Fire Magic
 35710 | Spider:2 | Reached skill level 10 in Ice Magic
 35710 | Spider:2 | Reached skill level 10 in Air Magic
 35710 | Spider:2 | Reached skill level 10 in Earth Magic
 35710 | Spider:2 | Reached skill level 10 in Alchemy
 36656 | Spider:3 | Noticed Mlioglotl
 37331 | Spider:2 | Learned a level 7 spell: Haunt
 37339 | Spider:3 | Killed Mlioglotl
 38590 | Spider:4 | Entered Level 4 of the Spider Nest
 38618 | Spider:4 | Identified the serpent talisman "Kyagh" {*Corrode rN+
                  | Dex+8}
 38618 | Spider:4 | Noticed Aizul
 38627 | Spider:4 | Killed Aizul
 38631 | Spider:4 | Found a glacial archway.
 38638 | IceCv    | Entered an ice cave
 39765 | Spider:4 | Reached XP level 18. HP: 141/141 MP: 15/35
 39797 | Spider:4 | Gained mutation: You occasionally lose the ability to read
                  | scrolls when taking damage. [mutagenic glow]
 40085 | Spider:4 | Noticed Arachne
 40113 | Spider:4 | Killed Arachne
 42162 | Spider:4 | Got a gossamer rune of Zot
 42492 | D:8      | Bought a potion of brilliance for 52 gold pieces
 42492 | D:8      | Bought a potion of curing for 39 gold pieces
 42492 | D:8      | Bought a potion of curing for 39 gold pieces
 42492 | D:8      | Bought a potion of magic for 104 gold pieces
 42718 | Lair:4   | Killed Hiramiqi's ghost
 42734 | Lair:4   | Identified the ring "Ulolol" {Fire rPois}
 43512 | Lair:5   | Got the Discourse on the Tincture
 43844 | Orc:2    | Killed Meogie's ghost
 44226 | Shoals:1 | Killed Louise
 45486 | Shoals:3 | Killed Nikola
 45488 | Shoals:3 | Identified the +1 scale mail of Prudence {+Inv rElec rN++
                  | Slay-5}
 45493 | Shoals:3 | Noticed Jorgrun
 45826 | Shoals:3 | Killed Jorgrun
 47175 | D:12     | Learned a level 7 spell: Summon Hydra
 47202 | D:13     | Noticed Erolcha
 47214 | D:13     | Killed Erolcha
 47215 | D:13     | Reached XP level 19. HP: 125/145 MP: 24/37
 47655 | D:13     | Found a gate to the Vaults.
 47769 | D:13     | Identified the +0 robe of Irucewoa {rPois Int+2}
 48595 | D:14     | Found an iron altar of Okawaru.
 48892 | D:14     | Identified the +0 robe of Reumn {rF+ Int+4}
 49707 | D:14     | Identified the +1 robe "Newaask" {+Inv rC+ Int+3}
 49843 | D:15     | Entered Level 15 of the Dungeon
 49950 | D:15     | Found a portal to a secret trove of treasure.
 49982 | D:15     | Found a gate leading to a gauntlet.
 49991 | Gauntlet | Entered a Gauntlet
 49991 | Gauntlet | Found a transporter.
 50000 | Gauntlet | Found a transporter.
 50015 | Gauntlet | Found a transporter.
 50020 | Gauntlet | Found a transporter.
 50035 | Gauntlet | Found a transporter.
 50054 | Gauntlet | Found a transporter.
 50062 | Gauntlet | Found a large runed translucent door.
 50063 | Gauntlet | Found a large runed translucent door.
 50064 | Gauntlet | Found a large runed translucent door.
 50064 | Gauntlet | Found a large runed translucent door.
 50065 | Gauntlet | Found a runed translucent gate.
 50066 | Gauntlet | Found a transporter.
 50066 | Gauntlet | Found a runed translucent gate.
 50067 | Gauntlet | Found a runed translucent gate.
 50068 | Gauntlet | Found a large runed translucent door.
 50068 | Gauntlet | Found a large runed translucent door.
 50069 | Gauntlet | Found a large runed translucent door.
 50070 | Gauntlet | Found a large runed translucent door.
 50078 | Gauntlet | Found a transporter.
 50090 | Gauntlet | Found a transporter.
 50102 | Gauntlet | Found a transporter.
 50119 | Gauntlet | Found a transporter.
 50137 | Gauntlet | Found a transporter.
 50139 | Gauntlet | Found a transporter.
 50164 | Gauntlet | Found a transporter.
 50166 | Gauntlet | Found a transporter.
 50186 | Gauntlet | Found a transporter.
 50260 | Gauntlet | Found a large runed translucent door.
 50260 | Gauntlet | Found a large runed translucent door.
 50260 | Gauntlet | Found a runed translucent door.
 50260 | Gauntlet | Found a runed translucent door.
 50261 | Gauntlet | Found a large runed translucent door.
 50262 | Gauntlet | Found a large runed translucent door.
 50264 | Gauntlet | Found a transporter.
 50280 | Gauntlet | Found a large runed translucent door.
 50280 | Gauntlet | Found a large runed translucent door.
 50281 | Gauntlet | Found a large runed translucent door.
 50282 | Gauntlet | Found a large runed translucent door.
 50284 | Gauntlet | Found a transporter.
 50652 | Gauntlet | Identified the amulet "Itoprygoi" {Spirit rF+ Str+3}
 51988 | D:15     | Found a staircase to the Depths.
 52167 | Vaults:1 | Entered Level 1 of the Vaults
 53467 | Vaults:1 | Bought an ancient robe for 239 gold pieces
 53467 | Vaults:1 | Identified the +2 robe of Diagit {rF- rN+ Will+ Stlth+}
                  | (You bought it in a shop on level 1 of the Vaults)
 53467 | Vaults:1 | Bought an encrusted leather armour for 294 gold pieces
 53467 | Vaults:1 | Identified the +3 leather armour "Trusted Companion" {rElec
                  | MP+9} (You bought it in a shop on level 1 of the Vaults)
 53467 | Vaults:1 | Bought a scorched leather armour for 294 gold pieces
 53467 | Vaults:1 | Identified the +1 leather armour of a sewer {Will+ Int-5
                  | Dex+6} (You bought it in a shop on level 1 of the Vaults)
 53511 | Vaults:1 | Bought a glowing buckler for 180 gold pieces
 53534 | Vaults:1 | Reached skill level 15 in Invocations
 53834 | Vaults:1 | Identified the +5 quarterstaff "Ogrebane" {protect, rF+}
 53867 | Vaults:1 | Gained mutation: You possess an exceptional clarity of
                  | mind. [mutagenic glow]
 54122 | Vaults:1 | Reached XP level 20. HP: 149/158 MP: 27/38
 55665 | Vaults:2 | Noticed Saint Roka
 55677 | Vaults:2 | Reached skill level 15 in Spellcasting
 55683 | Vaults:2 | Killed Saint Roka
 55965 | Vaults:2 | Learned a level 7 spell: Monstrous Menagerie
 56144 | Vaults:2 | Reached skill level 15 in Dodging
 56403 | Vaults:2 | Found a staircase to the Crypt.
 56403 | Vaults:2 | Noticed an ancient lich
 56493 | Vaults:2 | Killed an ancient lich
 56610 | Vaults:2 | Reached skill level 15 in Stealth
 58072 | Vaults:3 | Reached XP level 21. HP: 120/166 MP: 26/40
 59615 | Vaults:4 | Identified the orb of Vewofrugg {light, rC+ Int+3 Earth}
 59615 | Vaults:4 | Noticed Frederick
 59622 | Vaults:4 | Killed Frederick
 60433 | Vaults:4 | Reached skill level 15 in Fighting
 60433 | Vaults:4 | Reached skill level 15 in Short Blades
 60433 | Vaults:4 | Reached skill level 15 in Long Blades
 60433 | Vaults:4 | Reached skill level 15 in Axes
 60433 | Vaults:4 | Reached skill level 15 in Maces & Flails
 60433 | Vaults:4 | Reached skill level 15 in Polearms
 60433 | Vaults:4 | Reached skill level 15 in Staves
 60433 | Vaults:4 | Reached skill level 15 in Ranged Weapons
 60433 | Vaults:4 | Reached skill level 15 in Throwing
 60433 | Vaults:4 | Reached skill level 15 in Armour
 60433 | Vaults:4 | Reached skill level 15 in Shields
 60433 | Vaults:4 | Reached skill level 15 in Unarmed Combat
 60433 | Vaults:4 | Reached skill level 15 in Evocations
 60942 | Vaults:4 | Found a transporter.
 60946 | Vaults:4 | Noticed Qotsoore's ghost (adept DsFi)
 60952 | Vaults:4 | Noticed a golden dragon
 60960 | Vaults:4 | Noticed Qotsoore's ghost (adept DsFi)
 60975 | Vaults:4 | Found a transporter.
 61864 | D:15     | Learned a level 7 spell: Ozocubu's Refrigeration
 61907 | Depths:1 | Entered Level 1 of the Depths
 61913 | Depths:1 | Found a one-way gate to the infinite horrors of the Abyss.
 62819 | Depths:1 | Found an opulent altar of Gozag.
 63096 | Depths:1 | Reached XP level 22. HP: 175/175 MP: 32/42
 63724 | Depths:1 | Found a gateway to Hell.
 64164 | Depths:1 | Bought a scroll of blinking for 187 gold pieces
 64164 | Depths:1 | Bought a bloodstained rapier for 225 gold pieces
 64164 | Depths:1 | Identified the +3 rapier "Newt's Nightmare" {protect, Fly
                  | Str+3 Stlth+} (You bought it in a shop on level 1 of the
                  | Depths)
 64884 | Depths:2 | Found a one-way gate leading to the halls of Pandemonium.
 65431 | Elf:1    | Entered Level 1 of the Elven Halls
 65464 | Elf:1    | You are sucked into a shaft and drop 1 floor!
 65746 | Elf:2    | Found a runed translucent door.
 65746 | Elf:2    | Found a runed translucent door.
 65826 | Elf:1    | Found a magical portal.
 65831 | WizLab   | Entered The Roulette of Golubria
 65831 | WizLab   | Found a transporter.
 65841 | WizLab   | Learned a level 7 spell: Orb of Destruction
 65843 | WizLab   | Found a corrupted altar of Lugonu.
 66041 | WizLab   | Found a transporter.
 66095 | WizLab   | Found the +1 cloak of Starlight {*Dazzle EV+4 Stlth--}
 66100 | WizLab   | Found a corrupted altar of Lugonu.
 66106 | WizLab   | Found a transporter.
 66128 | WizLab   | Found a corrupted altar of Lugonu.
 66158 | WizLab   | Found a transporter.
 66183 | WizLab   | Found a transporter.
 66186 | WizLab   | Found a transporter.
 66195 | WizLab   | Reached skill level 15 in Necromancy
 66305 | WizLab   | Found a transporter.
 66332 | WizLab   | Found a transporter.
 66339 | WizLab   | Found a corrupted altar of Lugonu.
 66426 | WizLab   | Found a transporter.
 66426 | WizLab   | Found a transporter.
 66568 | WizLab   | Found a corrupted altar of Lugonu.
 66839 | WizLab   | Found a transporter.
 66843 | WizLab   | Found a transporter.
 66920 | WizLab   | Found a transporter.
 67022 | WizLab   | Found a transporter.
 67025 | WizLab   | Found a transporter.
 67062 | WizLab   | Found a transporter.
 67327 | WizLab   | Identified the +0 cloak of Follow the Leader {Rampage rN+++
                  | Will- Str+4 Dex-4}
 67334 | WizLab   | Identified the +2 cloak "Vekuram" {Will++}
 67344 | WizLab   | Got Golubria's Compendium of Space
 67370 | WizLab   | Identified the +1 cloak of Yninae Lump {Regen+ Str+3}
 67429 | Elf:1    | Found Luushitz's General Store.
 67708 | Elf:1    | Bought the +3 hat of Pondering {ponderous, Will+ MP+10
                  | Int+5} for 876 gold pieces
 67708 | Elf:1    | Found the +3 hat of Pondering {ponderous, Will+ MP+10
                  | Int+5}
 68278 | D:15     | You paid a toll of a +8 demon whip to enter a treasure
                  | trove
 68279 | Trove    | Entered a treasure trove
 68281 | Trove    | Found the ring of the Mage {Wiz Archmagi}
 68284 | Trove    | Identified the amulet "Toqyorie" {Spirit rElec rPois Int-2
                  | SInv}
 68285 | Trove    | Identified the ring of Azabinoch {rElec rN+ Int+6}
 68291 | Trove    | Identified the amulet of Lady Luck {Spirit Harm Int-3
                  | Slay+2}
 68292 | Trove    | Identified the ring "Oxejunt" {rC+ Str+3 Int+4}
 68297 | Trove    | Identified the ring "Lietinno" {Fire Int+4}
 68300 | Trove    | Identified the amulet "Poled" {+Blink Regen+ rCorr}
 68333 | D:15     | Learned a level 8 spell: Ignition
 68333 | D:15     | Upgraded the game from 0.32-a0-981-g384da2ce10 to
                  | 0.32-a0-986-ga09f62fbf4
 68959 | Elf:1    | Reached XP level 23. HP: 183/183 MP: 43/43
 69896 | Elf:2    | Found Yckax's Antique Armour Emporium.
 70385 | Elf:2    | Found a runed translucent gate.
 70385 | Elf:2    | Found a runed translucent gate.
 70386 | Elf:2    | Found a runed translucent gate.
 70819 | Elf:2    | Identified the blade talisman of Hohiebb {Str+4}
 71013 | Elf:3    | Entered Level 3 of the Elven Halls
 71070 | Elf:3    | Found Dygam's Book Shop.
 72417 | Elf:3    | Identified the +6 rapier of Oseciury {protect, *Slow rN+
                  | Int+6}
 73061 | Elf:3    | Reached skill level 15 in Shapeshifting
 73095 | Elf:3    | Identified the +1 hand axe of the Wasteland {elec, Int+2}
 73509 | Elf:3    | Identified the +4 robe of Kooqifox {rF+ rN+}
 73509 | Elf:3    | Noticed Boris
 73516 | Elf:3    | Killed Boris
 73828 | Elf:3    | Got the Directory of Morbid Portals
 73838 | Elf:3    | Got the Secrets of Virulent Hoarfrost
 73883 | Elf:3    | Identified the scarf "Uxohia" {shadows, rC+}
 74744 | Depths:2 | Found a runed translucent gate.
 74744 | Depths:2 | Found a runed translucent gate.
 74744 | Depths:2 | Found a runed translucent gate.
 75698 | Depths:2 | Found a one-way gateway to a ziggurat.
 76149 | Depths:2 | Noticed zorb987's ghost (veteran MiFi)
 76150 | Depths:2 | Noticed Afra's ghost (veteran FoHs)
 76469 | Depths:2 | Reached XP level 24. HP: 192/193 MP: 15/44
 77384 | Depths:2 | Got the Almanac of the Shot and the Fjord
 77914 | Depths:2 | Noticed a juggernaut
 77918 | Depths:2 | Killed a juggernaut
 78002 | Depths:2 | Learned a level 8 spell: Maxwell's Capacitive Coupling
 78006 | Depths:2 | Killed zorb987's ghost
 78010 | Depths:2 | Killed Afra's ghost
 78230 | Depths:3 | Noticed Vv
 78235 | Depths:3 | Killed Vv
 79123 | Depths:3 | Found a hide-covered altar of Uskayaw.
 79317 | Depths:3 | Noticed a caustic shrike
 79330 | Depths:3 | Killed a caustic shrike
 79458 | Depths:3 | Noticed Sojobo
 79470 | Depths:3 | Killed Sojobo
 79795 | Depths:3 | Identified the +4 fire dragon scales "Urchamom" {rElec rF++
                  | rC- Int+6 Slay-4}
 79799 | Depths:3 | Identified the +3 arbalest of Peekogu {flame, *Corrode rF+
                  | Int+3 Dex+4}
 79905 | Depths:4 | Entered Level 4 of the Depths
 79996 | Depths:4 | Found a gate to the Realm of Zot.
 80129 | Depths:4 | Identified the ring "Doroxtoys" {Fly rC+}
 80929 | Depths:4 | Found a burning altar of Makhleb.
 81428 | Depths:4 | Reached XP level 25. HP: 201/201 MP: 43/44
 81955 | Depths:4 | Found a snail-covered altar of Cheibriados.
 82048 | Depths:4 | Identified the ring of the Weak God {rCorr Int+5}
 82092 | Depths:4 | Found a transporter.
 82493 | Depths:4 | Identified the ring of the Hippogriff {rElec rF+ rCorr
                  | Str-3 Dex+4}
 82830 | Depths:4 | Identified the amulet "Urrointi" {Spirit rElec Slay+3}
 82862 | Depths:4 | Found a transporter.
 82878 | Depths:4 | Noticed a juggernaut
 82883 | Depths:4 | Killed a juggernaut
 83293 | Depths:4 | Found a shimmering blue altar of Sif Muna.
 83338 | Depths:4 | Bought a scroll of blinking for 157 gold pieces
 83654 | Vaults:5 | Entered Level 5 of the Vaults
 83661 | Vaults:5 | Reached skill level 15 in Conjurations
 83661 | Vaults:5 | Reached skill level 15 in Hexes
 83661 | Vaults:5 | Reached skill level 15 in Summonings
 83661 | Vaults:5 | Reached skill level 15 in Translocations
 83661 | Vaults:5 | Reached skill level 15 in Fire Magic
 83661 | Vaults:5 | Reached skill level 15 in Ice Magic
 83661 | Vaults:5 | Reached skill level 15 in Air Magic
 83661 | Vaults:5 | Reached skill level 15 in Earth Magic
 83661 | Vaults:5 | Reached skill level 15 in Alchemy
 84290 | Vaults:5 | Gained mutation: You sometimes lose the ability to read
                  | scrolls when taking damage. [mutagenic glow]
 85457 | Vaults:5 | Got a silver rune of Zot
 85472 | Vaults:5 | Identified the +7 long sword of Zoru {flame, rElec}
 85600 | Vaults:5 | Reached XP level 26. HP: 158/211 MP: 44/45
 85670 | Vaults:5 | Got Sika's Incunable of Viridian Voltage
 85943 | Vaults:5 | Identified the +2 chain mail of the Dozen Towns {rPois rN+}
 85957 | Vaults:5 | Identified the +3 plate armour of Exclusion {rC- Dex+5
                  | Stlth+}
 86208 | Vaults:5 | Identified the +1 arbalest "Xiecsov" {heavy, rF- Str+9
                  | Int-5 Dex+2}
 86208 | Vaults:5 | Identified the +0 plate armour of the Great Game {rPois
                  | rC+}
 86208 | Vaults:5 | Identified the +9 eveningstar of the End of Times {heavy,
                  | rElec rC+ Int+3 Stlth+}
 86371 | Vaults:5 | Found the +3 giant club "Skullcrusher" {speed, Str+7}
 86383 | Vaults:5 | Found Lawuxiuv's General Store.
 86392 | Vaults:5 | Bought a potion of cancellation for 152 gold pieces
 86679 | Vaults:5 | Identified the +3 hand axe "Rogir" {venom, rElec}
 87194 | Slime:1  | Entered Level 1 of the Pits of Slime
 92028 | Slime:5  | Entered Level 5 of the Pits of Slime
 93227 | Slime:5  | Noticed the Royal Jelly
 93717 | Slime:5  | Found a viscous altar of Jiyva.
 93773 | Slime:5  | Killed the Royal Jelly
 93917 | Slime:5  | Identified the +4 battleaxe of the Orb {spect, rC+ MP+9
                  | SInv}
 93918 | Slime:5  | Identified the ring of the Squeaky Tomato {+Blink rC- AC+4
                  | Dex+3}
 93924 | Slime:5  | Acquired 785 gold pieces
 94017 | Slime:5  | Got a slimy rune of Zot
 94018 | Slime:5  | Identified the ring "Aqocuuha" {*Corrode rElec rF+ Str-4
                  | Int+9}
 94019 | Slime:5  | Identified the ring "Fumpoush" {*Corrode rElec rPois rC+++
                  | rN+}
 94060 | Slime:5  | Identified the staff of Fufurir {rPois Str+5 Int+3 Earth}
 94061 | Slime:5  | Identified the ring "Ehotha" {Ice rElec Str-4 Dex+4}
 94727 | Depths:2 | Learned a level 9 spell: Polar Vortex
 94958 | Crypt:1  | Entered Level 1 of the Crypt
 96319 | Crypt:2  | Reached XP level 27. HP: 157/216 MP: 46/46
 96984 | Crypt:3  | Entered Level 3 of the Crypt
 98065 | Crypt:3  | Found an ancient bone altar of Kikubaaqudgha.
 99039 | Crypt:3  | Found a staircase to the Tomb.
 99282 | Crypt:3  | Identified the ring "Ativis" {rF++ rN+}
 99571 | Crypt:3  | Noticed a dread lich
 99573 | Crypt:3  | Identified the +8 quarterstaff "Ruocleh" {heavy, rElec
                  | Dex+3 Stlth+}
 99573 | Crypt:3  | Identified the ring of Poisymuh {*Slow rF+ rC+ rN++ Int+3}
 99575 | Crypt:3  | Killed a dread lich
 99685 | Crypt:3  | Identified the +5 longbow "Mitolale" {elec, rCorr Str-5
                  | Int+4 Dex-5}
 99691 | Crypt:3  | Identified the ring of Boxtui {rF+ rN++}
 99691 | Crypt:3  | Identified the ring "Myep" {^Contam rN++ MP+9 Int+5}
100364 | Elf:3    | Learned a level 9 spell: Fire Storm
100743 | Zig:1    | Entered Level 1 of a ziggurat
100774 | Zig:2    | Entered Level 2 of a ziggurat
100865 | Zig:3    | Entered Level 3 of a ziggurat
100938 | Zig:3    | Identified the staff "Wimauloc" {Int+4 Earth}
100942 | Zig:4    | Entered Level 4 of a ziggurat
100942 | Zig:4    | Found the +3 greatsling "Punk" {acid, rCorr}
101053 | Zig:5    | Entered Level 5 of a ziggurat
101054 | Zig:5    | Found the +8 demon trident "Rift" {distort, reach+}
101118 | Zig:6    | Entered Level 6 of a ziggurat
101223 | Zig:6    | Identified the +0 plate armour of the Baker {Str+2}
101248 | Zig:7    | Entered Level 7 of a ziggurat
101365 | Zig:7    | Identified the amulet "Ewol Xiapn" {^Fragile rElec Will+
                  | Regen+ Str+6}
101376 | Zig:7    | Identified the staff of Dividends {rF+ Stlth+ Earth}
101399 | Zig:8    | Entered Level 8 of a ziggurat
101406 | Zig:8    | Noticed a dread lich
101408 | Zig:8    | Noticed an ancient lich
101412 | Zig:8    | Killed a dread lich
101416 | Zig:8    | Killed an ancient lich
101598 | Zig:8    | Identified the +7 spear "Raireuw" {drain, rPois Str+5}
101653 | Zig:9    | Entered Level 9 of a ziggurat
101815 | Zig:10   | Entered Level 10 of a ziggurat
101826 | Zig:10   | Noticed Cuxukhla the pandemonium lord
101849 | Zig:10   | Gained mutation: Your body sometimes deteriorates upon
                  | taking damage. [mutagenic glow]
101857 | Zig:10   | Killed Cuxukhla the pandemonium lord
101984 | Zig:10   | Identified the staff "Tippylat" {rPois Will- Str+8 Int-3
                  | Dex+2 Alchemy}
101999 | Zig:10   | Identified the +6 spear of Muzxud {venom, *Noise rPois rF-
                  | Stlth+}
102003 | Zig:10   | Got the Book of the Mesa and Position
102020 | Zig:11   | Entered Level 11 of a ziggurat
102029 | Zig:11   | Found the +6 arbalest "Damnation" {damnation}
102198 | Zig:12   | Entered Level 12 of a ziggurat
102205 | Zig:12   | Noticed Konar's ghost (legendary CoHu)
102213 | Zig:12   | Noticed ViolentViolet's ghost (legendary CoGl)
102216 | Zig:12   | Killed Konar's ghost
102227 | Zig:12   | Killed ViolentViolet's ghost
102228 | Zig:12   | Noticed shadizar's ghost (legendary DjAE)
102239 | Zig:12   | Killed shadizar's ghost
102383 | Zig:12   | Identified the -2 pair of gloves of Fun and Games {rC+}
102399 | Zig:12   | Identified the +0 chain mail of the Gloaming {rPois}
102444 | Zig:13   | Entered Level 13 of a ziggurat
102454 | Zig:13   | Found the ring of the Hare {EV+10}
102606 | Zig:13   | Identified the +7 scimitar of Diatimn {flame, rC++ Int+2}
102608 | Zig:13   | Identified the +6 longbow of Rosumo {drain, Dex+3}
102618 | Zig:13   | Identified the +0 helmet "Yptewov" {rC+ Str+5 Int-3 SInv}
102620 | Zig:13   | Identified the +9 spear "Vujiofiff" {freeze, rPois Str+3}
102621 | Zig:13   | Identified the +0 falchion of Wuicracy {flame, rElec rPois
                  | MP+9 Int+3}
102628 | Zig:13   | Identified the +9 scimitar "Kyjyrinae" {spect, ^Contam
                  | rPois rF++ Will+}
102630 | Zig:13   | Identified the amulet of the Robin {rElec Will+ RegenMP+}
102698 | Zig:14   | Entered Level 14 of a ziggurat
102886 | Zig:14   | Identified the staff of Naxaink {rF+ Str-2 Dex+3 Hexes
                  | Fire}
102906 | Zig:14   | Learned a level 9 spell: Shatter
102912 | Zig:14   | Got Sif Muna's Octavo of Pyromancy and Chrysopoeia
102965 | Zig:15   | Entered Level 15 of a ziggurat
102971 | Zig:15   | Noticed a royal mummy
102971 | Zig:15   | Noticed a royal mummy
102972 | Zig:15   | Noticed a royal mummy
102973 | Zig:15   | Noticed a royal mummy
102977 | Zig:15   | Killed a royal mummy
102977 | Zig:15   | Killed a royal mummy
102977 | Zig:15   | Noticed a royal mummy
102978 | Zig:15   | Killed a royal mummy
102979 | Zig:15   | Killed a royal mummy
102979 | Zig:15   | Killed a royal mummy
102979 | Zig:15   | Noticed a royal mummy
102980 | Zig:15   | Noticed a royal mummy
102981 | Zig:15   | Noticed a royal mummy
102983 | Zig:15   | Killed a royal mummy
102986 | Zig:15   | Killed a royal mummy
102986 | Zig:15   | Killed a royal mummy
103199 | Zig:15   | Identified the +0 scale mail "Duag" {rN+ Int+3}
103201 | Zig:15   | Got Zasmiosh's Spellbook of the Macabre Blizzard
103202 | Zig:15   | Identified the +7 long sword "Heyz" {heavy, rCorr}
103251 | Zig:16   | Entered Level 16 of a ziggurat
103260 | Zig:16   | Noticed a royal mummy
103267 | Zig:16   | Noticed a royal mummy
103268 | Zig:16   | Killed a royal mummy
103268 | Zig:16   | Noticed a royal mummy
103269 | Zig:16   | Noticed a royal mummy
103272 | Zig:16   | Killed a royal mummy
103274 | Zig:16   | Killed a royal mummy
103274 | Zig:16   | Killed a royal mummy
103444 | Zig:16   | Found the +0 pair of gloves of the gadgeteer {Gadgeteer
                  | Wandboost ^Fragile}
103495 | Zig:16   | Identified the +3 dire flail of Vecilid {freeze, Str+3}
103498 | Zig:16   | Got the Tome of the Beginning
103529 | Zig:17   | Entered Level 17 of a ziggurat
103726 | Zig:17   | Identified the +7 trident "Dragonslayer" {freeze, Str+7}
103734 | Zig:17   | Identified the ring "Kamiryps" {rC+ rN+ Str-4 Int+3 Dex+6}
103852 | Zig:18   | Entered Level 18 of a ziggurat
103876 | Zig:18   | Found the +11 plutonium sword {^Contam Stlth-}
103907 | Zig:18   | Gained mutation: Your health recovers twice as slowly from
                  | being drained. [mutagenic glow]
104127 | Zig:18   | Identified the ring of Zaydeush {rPois rN+ Dex+3}
104142 | Zig:18   | Identified the +1 plate armour "Yvoaq" {^Drain Fly Slay+6}
104146 | Zig:18   | Identified the +3 rapier of Laduaff {antimagic, *Corrode
                  | Str+4}
104148 | Zig:18   | Identified the +2 leather armour of the Invisible Friends
                  | {+Inv}
104156 | Zig:18   | Identified the +4 flail of the Moth {freeze, Will++}
104241 | Zig:18   | Lost mutation: You sometimes lose the ability to read
                  | scrolls when taking damage. [potion of mutation]
104241 | Zig:18   | Lost mutation: Your health recovers twice as slowly from
                  | being drained. [potion of mutation]
104241 | Zig:18   | Lost mutation: You occasionally lose the ability to read
                  | scrolls when taking damage. [potion of mutation]
104241 | Zig:18   | Gained mutation: You have a pair of small horns on your
                  | head. [potion of mutation]
104241 | Zig:18   | Gained mutation: You have hidden genetic potential. [potion
                  | of mutation]
104247 | Zig:19   | Entered Level 19 of a ziggurat
104612 | Zig:19   | Identified the staff of the Owl {rC++ Dex+4 Conj}
104629 | Zig:19   | Learned a level 9 spell: Chain Lightning
104806 | Zig:20   | Entered Level 20 of a ziggurat
105041 | Zig:20   | Identified the +3 ring mail "Cienerol" {*Slow Str+6}
105056 | Zig:21   | Entered Level 21 of a ziggurat
105063 | Zig:21   | Noticed Tazxaorof the pandemonium lord
105070 | Zig:21   | Noticed Atyzad the pandemonium lord
105076 | Zig:21   | Noticed Syt Coaf the pandemonium lord
105079 | Zig:21   | Noticed Itivuug the pandemonium lord
105080 | Zig:21   | Killed Atyzad the pandemonium lord
105083 | Zig:21   | Noticed Ughepn the pandemonium lord
105083 | Zig:21   | Noticed Nerar the pandemonium lord
105085 | Zig:21   | Killed Syt Coaf the pandemonium lord
105087 | Zig:21   | Killed Tazxaorof the pandemonium lord
105087 | Zig:21   | Noticed Mipraibb the pandemonium lord
105088 | Zig:21   | Noticed Vogaoch the pandemonium lord
105088 | Zig:21   | Noticed Enuutas the pandemonium lord
105089 | Zig:21   | Noticed Dihi the pandemonium lord
105089 | Zig:21   | Noticed Madghuvadd the pandemonium lord
105093 | Zig:21   | Killed Madghuvadd the pandemonium lord
105095 | Zig:21   | Killed Nerar the pandemonium lord
105097 | Zig:21   | Killed Enuutas the pandemonium lord
105097 | Zig:21   | Killed Ughepn the pandemonium lord
105100 | Zig:21   | Killed Itivuug the pandemonium lord
105100 | Zig:21   | Killed Dihi the pandemonium lord
105102 | Zig:21   | Killed Vogaoch the pandemonium lord
105104 | Zig:21   | Killed Mipraibb the pandemonium lord
105106 | Zig:21   | Lost mutation: You have a pair of small horns on your head.
                  | [mutagenic glow]
105107 | Zig:21   | Noticed Teghux the pandemonium lord
105115 | Zig:21   | Killed Teghux the pandemonium lord
105117 | Zig:21   | Gained mutation: You occasionally lose the ability to drink
                  | potions when taking damage. [mutagenic glow]
105134 | Zig:21   | Gained mutation: Your health recovers twice as slowly from
                  | being drained. [mutagenic glow]
105158 | Zig:21   | Gained mutation: Your body often deteriorates upon taking
                  | damage. [mutagenic glow]
105338 | Zig:21   | Found the +3 Mad Mage's Maulers {Infuse+∞ VampMP -Cast}
105406 | Zig:21   | Identified the +1 leather armour of the Lost Path {Rampage
                  | rC++ Int+3 Slay+3}
105411 | Zig:21   | Identified the +2 pair of boots of the Eternal Fruit {+Inv
                  | rPois rF+}
105425 | Zig:21   | Identified the +0 morningstar "Fiedixy" {elec, *Slow rElec
                  | rN+ Dex+2}
105435 | Zig:21   | Identified the ring "Jiyriny" {rCorr Int-2 Dex+7 SInv}
106170 | Pan      | Entered the realm of Cerebov.
106170 | Pan      | Entered Pandemonium
106248 | Pan      | Gained mutation: You are partially covered in iridescent
                  | scales. (AC +2) [hidden potential]
106442 | Pan      | Identified the +0 scale mail "Uddu" {rF+ Regen+}
106953 | Pan      | Identified the +9 war axe of Inference {flame, rN+ Will+
                  | Stlth+}
107142 | Pan      | Found the +6 sword of Cerebov {flame}
107142 | Pan      | Noticed Cerebov
107151 | Pan      | Killed Cerebov
107164 | Pan      | Got a fiery rune of Zot
107207 | Pan      | Identified the ring of Lahaist {+Blink Fly Int+6 Dex+4}
107262 | Pan      | Identified the +2 short sword of the Swamp {pain, rF+ Will+
                  | Int+2}
107276 | Pan      | Identified the +1 scimitar of the Mashing Queen {protect,
                  | Dex+3}
107362 | Pan      | Got Oraub's Atlas of Momentum
107383 | Pan      | Identified the +1 sling of Contradiction {flame, rPois
                  | Int+3}
107384 | Pan      | Identified the staff of Instinct {rN++ Will+ rCorr Earth}
107391 | Pan      | Identified the +8 spear of Zuwoh {flame, rF+ Str+4}
107393 | Pan      | Identified the +3 arbalest "Rummage" {penet, rElec Will+
                  | Str+3 Stlth-}
107436 | Pan      | Identified the +2 dagger of Efusel {vamp, Str+4 Stlth+}
107437 | Pan      | Identified the staff of Calculation {rF+ Str+5 Dex-2 Earth}
107438 | Pan      | Identified the +8 orcbow "Goblin's Regret" {elec, Will+}
107550 | Pan      | Noticed a seraph
107550 | Pan      | Found a glowing golden altar of the Shining One.
107553 | Pan      | Killed a seraph
107555 | Pan      | Identified the +6 orcbow of Vaptiatu {freeze, rElec rPois
                  | rF+ Will+}
107557 | Pan      | Identified the +1 pair of gloves of Defiance {rF+}
107581 | Pan      | Got a demonic rune of Zot
107612 | Pan      | Identified the +1 plate armour of Inference {-Cast rF+++
                  | rN+ Str-5}
108024 | Pan      | Noticed Cudenal the pandemonium lord
108029 | Pan      | Killed Cudenal the pandemonium lord
108240 | Pan      | Noticed Atopsel the pandemonium lord
108249 | Pan      | Killed Atopsel the pandemonium lord
108375 | Pan      | Identified the orb of Least Resistance {mayhem, Will- rCorr
                  | Dex+2}
108682 | Pan      | Entered the realm of Lom Lobon.
109253 | Pan      | Gained mutation: You are robust. (+10% HP) [hidden
                  | potential]
109253 | Pan      | Lost mutation: You have hidden genetic potential. [hidden
                  | potential expressed]
109465 | Pan      | Noticed Lom Lobon
109469 | Pan      | Killed Lom Lobon
109524 | Pan      | Got a magical rune of Zot
109651 | Pan      | Noticed Ignacio
109656 | Pan      | Killed Ignacio
109811 | Pan      | Identified the +7 chain mail of Igyxzij {-Cast *Slow rPois
                  | rC+++}
110187 | Pan      | Entered the realm of Mnoleg.
110214 | Pan      | Noticed Mnoleg
110238 | Pan      | Killed Mnoleg
110472 | Pan      | Got a glowing rune of Zot
110610 | Pan      | Lost mutation: Your body often deteriorates upon taking
                  | damage. [potion of mutation]
110610 | Pan      | Lost mutation: Your health recovers twice as slowly from
                  | being drained. [potion of mutation]
110610 | Pan      | Lost mutation: You possess an exceptional clarity of mind.
                  | [potion of mutation]
110610 | Pan      | Gained mutation: You are weak. (Str -2) [potion of
                  | mutation]
110610 | Pan      | Gained mutation: Your body often deteriorates upon taking
                  | damage. [potion of mutation]
110610 | Pan      | Gained mutation: You are agile. (Dex +4, Str/Int -1)
                  | [potion of mutation]
110610 | Pan      | Gained mutation: You have a somewhat thin skeletal
                  | structure. (Dex +2, Stealth+) [potion of mutation]
110611 | Pan      | Lost mutation: You are weak. (Str -2) [potion of mutation]
110611 | Pan      | Lost mutation: You occasionally lose the ability to drink
                  | potions when taking damage. [potion of mutation]
110611 | Pan      | Lost mutation: You are robust. (+10% HP) [potion of
                  | mutation]
110611 | Pan      | Gained mutation: You occasionally shout uncontrollably at
                  | your foes. [potion of mutation]
110611 | Pan      | Gained mutation: You have a pair of small antennae on your
                  | head. [potion of mutation]
110612 | Pan      | Lost mutation: You have a pair of small antennae on your
                  | head. [potion of mutation]
110612 | Pan      | Lost mutation: You have a somewhat thin skeletal structure.
                  | (Dex +2, Stealth+) [potion of mutation]
110612 | Pan      | Lost mutation: You are agile. (Dex +4, Str/Int -1) [potion
                  | of mutation]
110612 | Pan      | Gained mutation: You have hidden genetic potential. [potion
                  | of mutation]
110612 | Pan      | Lost mutation: You are partially covered in iridescent
                  | scales. (AC +2) [potion of mutation]
110612 | Pan      | Gained mutation: You have a pair of small horns on your
                  | head. [potion of mutation]
110613 | Pan      | Lost mutation: Your body often deteriorates upon taking
                  | damage. [potion of mutation]
110613 | Pan      | Lost mutation: You occasionally shout uncontrollably at
                  | your foes. [potion of mutation]
110613 | Pan      | Gained mutation: You have an increased reservoir of magic.
                  | (+10% MP) [potion of mutation]
110613 | Pan      | Gained mutation: You have sharp toenails. [potion of
                  | mutation]
110614 | Pan      | Lost mutation: You have an increased reservoir of magic.
                  | (+10% MP) [potion of mutation]
110614 | Pan      | Lost mutation: You have sharp toenails. [potion of
                  | mutation]
110614 | Pan      | Lost mutation: You have a pair of small horns on your head.
                  | [potion of mutation]
110614 | Pan      | Gained mutation: You occasionally lose the ability to read
                  | scrolls when taking damage. [potion of mutation]
110615 | Pan      | Lost mutation: You occasionally lose the ability to read
                  | scrolls when taking damage. [potion of mutation]
110615 | Pan      | Lost mutation: You have hidden genetic potential. [potion
                  | of mutation]
110615 | Pan      | Gained mutation: Your body often deteriorates upon taking
                  | damage. [potion of mutation]
110615 | Pan      | Gained mutation: Your flesh is cold resistant. (rC+)
                  | [potion of mutation]
110616 | Pan      | Lost mutation: Your body often deteriorates upon taking
                  | damage. [potion of mutation]
110616 | Pan      | Lost mutation: Your body sometimes deteriorates upon taking
                  | damage. [potion of mutation]
110616 | Pan      | Gained mutation: You are vulnerable to heat. (rF-) [potion
                  | of mutation]
110616 | Pan      | Gained mutation: Your movements are slightly less
                  | encumbered by armour. (ER -2) [potion of mutation]
110616 | Pan      | Gained mutation: You are covered in fur. (AC +1) [potion of
                  | mutation]
110617 | Pan      | Lost mutation: Your movements are slightly less encumbered
                  | by armour. (ER -2) [potion of mutation]
110617 | Pan      | Lost mutation: You are vulnerable to heat. (rF-) [potion of
                  | mutation]
110617 | Pan      | Gained mutation: You are weak. (Str -2) [potion of
                  | mutation]
110617 | Pan      | Gained mutation: You have supernaturally acute eyesight.
                  | (SInv) [potion of mutation]
110617 | Pan      | Gained mutation: You are clumsy. (Dex -2) [potion of
                  | mutation]
110617 | Pan      | Gained mutation: You are partially covered in iridescent
                  | scales. (AC +2) [potion of mutation]
110618 | Pan      | Lost mutation: Your flesh is cold resistant. (rC+) [potion
                  | of mutation]
110618 | Pan      | Lost mutation: You are covered in fur. (AC +1) [potion of
                  | mutation]
110618 | Pan      | Gained mutation: Your body sometimes deteriorates upon
                  | taking damage. [potion of mutation]
110618 | Pan      | Lost mutation: You are weak. (Str -2) [potion of mutation]
110619 | Pan      | Lost mutation: You are clumsy. (Dex -2) [potion of
                  | mutation]
110619 | Pan      | Lost mutation: You have supernaturally acute eyesight.
                  | (SInv) [potion of mutation]
110619 | Pan      | Gained mutation: You are agile. (Dex +4, Str/Int -1)
                  | [potion of mutation]
110619 | Pan      | Lost mutation: You are agile. (Dex +4, Str/Int -1) [potion
                  | of mutation]
110619 | Pan      | Gained mutation: Your movements are slightly less
                  | encumbered by armour. (ER -2) [potion of mutation]
110620 | Pan      | Lost mutation: Your movements are slightly less encumbered
                  | by armour. (ER -2) [potion of mutation]
110620 | Pan      | Lost mutation: You are partially covered in iridescent
                  | scales. (AC +2) [potion of mutation]
110620 | Pan      | Gained mutation: Your flesh is cold resistant. (rC+)
                  | [potion of mutation]
110620 | Pan      | Gained mutation: You occasionally lose the ability to drink
                  | potions when taking damage. [potion of mutation]
110621 | Pan      | Lost mutation: You occasionally lose the ability to drink
                  | potions when taking damage. [potion of mutation]
110621 | Pan      | Lost mutation: Your flesh is cold resistant. (rC+) [potion
                  | of mutation]
110621 | Pan      | Gained mutation: You are covered in fur. (AC +1) [potion of
                  | mutation]
110621 | Pan      | Gained mutation: You have a pair of small antennae on your
                  | head. [potion of mutation]
110622 | Pan      | Lost mutation: Your body sometimes deteriorates upon taking
                  | damage. [potion of mutation]
110622 | Pan      | Lost mutation: You are covered in fur. (AC +1) [potion of
                  | mutation]
110622 | Pan      | Gained mutation: You occasionally lose the ability to read
                  | scrolls when taking damage. [potion of mutation]
110622 | Pan      | Gained mutation: You are occasionally teleported next to
                  | monsters. [potion of mutation]
110623 | Pan      | Lost mutation: You are occasionally teleported next to
                  | monsters. [potion of mutation]
110623 | Pan      | Lost mutation: You occasionally lose the ability to read
                  | scrolls when taking damage. [potion of mutation]
110623 | Pan      | Lost mutation: You have a pair of small antennae on your
                  | head. [potion of mutation]
110623 | Pan      | Gained mutation: You possess an exceptional clarity of
                  | mind. [potion of mutation]
110623 | Pan      | Gained mutation: You occasionally shout uncontrollably at
                  | your foes. [potion of mutation]
110623 | Pan      | Gained mutation: You passively dampen the noise of your
                  | surroundings. [potion of mutation]
110731 | Pan      | Entered the realm of Gloorx Vloq.
111266 | Pan      | Noticed Gloorx Vloq
111274 | Pan      | Killed Gloorx Vloq
111298 | Pan      | Got a dark rune of Zot
111497 | Pan      | Noticed Miseuru the pandemonium lord
111525 | Pan      | Killed Miseuru the pandemonium lord
111559 | Depths:2 | Escaped Pandemonium
111619 | Hell     | Entered the Vestibule of Hell
111619 | Hell     | Noticed Geryon
111631 | Hell     | Killed Geryon
112104 | Hell     | Found a gateway to the freezing wastes of Cocytus.
112201 | Hell     | Found a gateway to the ashen valley of Gehenna.
112246 | Hell     | Found a gateway to the decaying netherworld of Tartarus.
112356 | Hell     | Found a gateway to the Iron City of Dis.
112428 | Geh:1    | Entered Level 1 of Gehenna
113491 | Geh:4    | You fall into a shaft and drop 2 floors!
113794 | Geh:7    | Entered Level 7 of Gehenna
114299 | Geh:7    | Reached skill level 27 in Unarmed Combat
114348 | Geh:7    | Found the +8 trident of the Octopus King {venom, rElec
                  | rPois}
114545 | Geh:7    | Found the +13 sceptre of Asmodeus
114545 | Geh:7    | Noticed Asmodeus
114551 | Geh:7    | Killed Asmodeus
114624 | Geh:7    | Found the +0 toga "Victory" {*Victory Clar}
114625 | Geh:7    | Found the +5 robe of Night {Dark Will+ SInv}
114649 | Geh:7    | Identified the +3 scale mail of Happy Babbling {^Contam
                  | rElec SInv Stlth-}
114650 | Geh:7    | Identified the +7 sling "Wobbem" {elec, rF+ rC- Dex+2}
114659 | Geh:7    | Got Mamur's Omnibus of Airborne Battling
114660 | Geh:7    | Identified the amulet of Past Mistakes {Harm rC+ Regen+
                  | Dex+4}
114666 | Geh:7    | Identified the staff of the Doomed Warrior {rElec rF- Will+
                  | Int+3 Stlth+ Earth}
114676 | Geh:7    | Got an obsidian rune of Zot
114691 | Geh:7    | Identified the +9 short sword "Mud Pie of Death" {holy,
                  | rPois Dex+3}
114970 | Coc:1    | Entered Level 1 of Cocytus
115247 | Coc:2    | Noticed an ancient lich
115250 | Coc:2    | Killed an ancient lich
115455 | Coc:2    | Reached skill level 27 in Spellcasting
116464 | Coc:7    | Entered Level 7 of Cocytus
116986 | Coc:7    | Paralysed by a wendigo for 1 turns
117150 | Coc:7    | Identified the +1 hand axe of the Revolution {freeze,
                  | Int+6}
117153 | Coc:7    | Identified the +2 quarterstaff "Reojeula" {drain, rF++ rN+
                  | rCorr Str+2}
117583 | Coc:7    | Noticed Antaeus
117594 | Coc:7    | Killed Antaeus
117623 | Coc:7    | Got an icy rune of Zot
117624 | Coc:7    | Identified the ring "Gitoat" {Wiz Dex+4}
118070 | Hell     | Upgraded the game from 0.32-a0-986-ga09f62fbf4 to
                  | 0.32-a0-995-gb4a59205af
118080 | Hell     | Learned a level 9 spell: Dragon's Call
118104 | Tar:1    | Entered Level 1 of Tartarus
118695 | Tar:4    | Found a huge runed translucent gate.
118695 | Tar:4    | Found a huge runed translucent gate.
118695 | Tar:4    | Found a huge runed translucent gate.
118896 | Tar:5    | You fall into a shaft and drop 1 floor!
119068 | Tar:7    | Entered Level 7 of Tartarus
119183 | Tar:7    | Noticed a dread lich
119183 | Tar:7    | Noticed an ancient lich
119189 | Tar:7    | Killed a dread lich
119191 | Tar:7    | Killed an ancient lich
119482 | Tar:7    | Reached skill level 27 in Ranged Weapons
119702 | Tar:7    | Noticed Ereshkigal
119707 | Tar:7    | Paralysed by Ereshkigal for 2 turns
119720 | Tar:7    | Killed Ereshkigal
120133 | Tar:7    | Got a bone rune of Zot
120235 | Dis:1    | Entered Level 1 of the Iron City of Dis
120260 | Dis:1    | Reached skill level 27 in Stealth
121499 | Dis:7    | Entered Level 7 of the Iron City of Dis
121949 | Dis:7    | Noticed the Serpent of Hell
121954 | Dis:7    | Killed the Serpent of Hell
122774 | Dis:7    | Noticed a juggernaut
122779 | Dis:7    | Killed a juggernaut
123456 | Dis:7    | Identified the ring of Viupn {rF+ rC+ Int+3}
123821 | Dis:7    | Noticed a juggernaut
123866 | Dis:7    | Killed a juggernaut
124779 | Dis:7    | Noticed a juggernaut
124784 | Dis:7    | Killed a juggernaut
124785 | Dis:7    | Noticed Dispater
124791 | Dis:7    | Killed Dispater
124795 | Dis:7    | Got an iron rune of Zot
125213 | Tomb:1   | Entered Level 1 of the Tomb of the Ancients
126012 | Tomb:1   | Noticed a royal mummy
126013 | Tomb:1   | Noticed a royal mummy
126018 | Tomb:1   | Killed a royal mummy
126019 | Tomb:1   | Killed a royal mummy
126502 | Tomb:2   | Noticed a royal mummy
126503 | Tomb:2   | Noticed a royal mummy
126504 | Tomb:2   | Reached skill level 27 in Invocations
126504 | Tomb:2   | Identified the +3 robe of Failure {-Cast rC+ Will+++}
126504 | Tomb:2   | Noticed Boris
126505 | Tomb:2   | Noticed a royal mummy
126506 | Tomb:2   | Noticed a royal mummy
126508 | Tomb:2   | Killed a royal mummy
126508 | Tomb:2   | Killed Boris
126508 | Tomb:2   | Killed a royal mummy
126508 | Tomb:2   | Killed a royal mummy
126509 | Tomb:2   | Killed a royal mummy
127281 | Tomb:1   | Noticed a royal mummy
127292 | Tomb:1   | Killed a royal mummy
127365 | Tomb:1   | Noticed a royal mummy
127373 | Tomb:1   | Killed a royal mummy
127408 | Tomb:1   | Noticed a royal mummy
127414 | Tomb:1   | Killed a royal mummy
127444 | Tomb:1   | Noticed a royal mummy
127455 | Tomb:1   | Killed a royal mummy
127555 | Tomb:1   | Noticed a royal mummy
127563 | Tomb:1   | Killed a royal mummy
127590 | Tomb:1   | Noticed a royal mummy
127601 | Tomb:1   | Killed a royal mummy
127623 | Tomb:1   | Noticed a royal mummy
127624 | Tomb:1   | Noticed a royal mummy
127624 | Tomb:1   | Noticed a royal mummy
127629 | Tomb:1   | Noticed a royal mummy
127633 | Tomb:1   | Killed a royal mummy
127634 | Tomb:1   | Killed a royal mummy
127634 | Tomb:1   | Killed a royal mummy
127634 | Tomb:1   | Killed a royal mummy
127954 | Tomb:3   | Entered Level 3 of the Tomb of the Ancients
127961 | Tomb:3   | Noticed a royal mummy
127961 | Tomb:3   | Noticed a royal mummy
127962 | Tomb:3   | Killed a royal mummy
127962 | Tomb:3   | Killed a royal mummy
127965 | Tomb:3   | Noticed a royal mummy
127966 | Tomb:3   | Killed a royal mummy
127969 | Tomb:3   | Noticed a royal mummy
127970 | Tomb:3   | Noticed a royal mummy
127973 | Tomb:3   | Noticed a royal mummy
127976 | Tomb:3   | Killed a royal mummy
127977 | Tomb:3   | Killed a royal mummy
127977 | Tomb:3   | Killed a royal mummy
127984 | Tomb:3   | Noticed a royal mummy
127987 | Tomb:3   | Noticed a royal mummy
127991 | Tomb:3   | Killed a royal mummy
127994 | Tomb:3   | Killed a royal mummy
127995 | Tomb:3   | Noticed a royal mummy
128000 | Tomb:3   | Killed a royal mummy
128356 | Tomb:3   | Identified the amulet of Mimuozxa {Spirit Will++ Int+3}
128397 | Tomb:3   | Identified the +5 whip of the Common Good {venom, ^Drain
                  | Fly rF+}
128420 | Tomb:3   | Identified the +7 battleaxe "Hutadwocu" {protect, Dex+2}
128711 | Tomb:3   | Got a golden rune of Zot
129158 | Depths:1 | Voluntarily entered the Abyss.
129230 | Abyss:3  | Found a corrupted altar of Lugonu.
129233 | Abyss:3  | Found a corrupted altar of Lugonu.
129257 | Abyss:3  | Noticed a juggernaut
129260 | Abyss:3  | Got an abyssal rune of Zot
129263 | Abyss:3  | Killed a juggernaut
129332 | Abyss:3  | Found a corrupted altar of Lugonu.
129403 | Depths:1 | Escaped the Abyss
129487 | Zot:1    | Entered Level 1 of the Realm of Zot
129495 | Zot:1    | Identified the +4 great sword "Muamyrpha" {venom, rElec
                  | rCorr}
130427 | Zot:1    | Identified the staff "Codatz" {rC+ Str+2 Ice}
130809 | Zot:2    | Identified the +7 plate armour "Wuoz" {Harm ^Drain rC+
                  | Dex+4}
131602 | Zot:2    | You fall into a shaft and drop 2 floors!
131921 | Zot:5    | Entered Level 5 of the Realm of Zot
132408 | Zot:5    | Noticed a dread lich
132412 | Zot:5    | Killed a dread lich
132527 | Zot:5    | Reached skill level 27 in Short Blades
132586 | Zot:5    | Noticed a dread lich
132593 | Zot:5    | Killed a dread lich
132604 | Zot:5    | Noticed an orb of fire
132610 | Zot:5    | Killed an orb of fire
132723 | Zot:5    | Noticed a dread lich
132723 | Zot:5    | Noticed an orb of fire
133255 | Zot:5    | Killed an orb of fire
133377 | Zot:5    | Killed a dread lich
133511 | Zot:5    | Noticed a dread lich
133515 | Zot:5    | Killed a dread lich
134058 | Zot:5    | Got the Orb of Zot
134178 | Zot:2    | Reached skill level 27 in Dodging
134224 | Zot:1    | Noticed a seraph
134227 | Zot:1    | Killed a seraph
134269 | Depths:2 | Noticed Caojiw the pandemonium lord
134271 | Depths:2 | Killed Caojiw the pandemonium lord
134690 | D:$      | Escaped with the Orb!

Illustrated notes

Levels and vault maps discovered:
D:1:      psy_arrival_wood_between_worlds, layout_basic,
          ebering_ecumenical_altar_rust, serial_shops,
          nicolae_shop_tiny_real_fake_doors
D:2:      layout_loops_ring, chequers_big_river
D:3:      layout_loops_cross, mainiacjoe_overflow_alcove_4, uniq_grinder
D:4:      layout_rooms, mainiacjoe_overflow_brackets, minmay_temple_entry_glass,
          serial_shops, shop, shop, nicolae_shop_tiny_real_fake_doors, shop,
          uniq_robin
D:5:      layout_cave_pods, kennysheep_mini, grunt_ministairs_1
D:6:      layout_loops_ring, mainiacjoe_overflow_small_starburst,
          overflow_temple_1_default, portal_sewer_entry_a, nrook_mini_vaults,
          uniq_edmund
D:7:      layout_basic, mainiacjoe_overflow_paths, lemuel_tele_altar,
          uniq_duvessa, uniq_pikel, uniq_maggie
D:8:      lemuel_insect_pit, layout_basic, serial_aquarium,
          aquarium_bridge_square [aquarium_subvault_bridge,
          aquarium_subvault_bridge, aquarium_subvault_window,
          aquarium_subvault_bridge], aquarium_bridge_square
          [aquarium_subvault_wall, aquarium_subvault_bridge,
          aquarium_subvault_balcony, aquarium_subvault_wall], aquarium_window_2,
          aquarium_window_corridor_1, aquarium_window_corner, aquarium_view_2c,
          aquarium_balcony_double_4, serial_shops, shop,
          nicolae_shop_rolling_square, shop, nicolae_shop_tiny_real_fake_doors,
          shop
D:9:      layout_loops_cross, nzn_wu_jian_council_hall, minivault_28
D:10:     layout_loops_corners, nicolae_ru_the_path_less_chosen,
          david_lair_generic, orc_0_dummy, bh_walls_and_bars
D:11:     layout_grid_maze, uniq_psyche, uniq_urug, uniq_maurice
D:12:     layout_basic, serial_bayou_lake_a
D:13:     layout_roguey, hellmonk_vaults_order_and_chaos, uniq_erolcha
D:14:     layout_grid_maze, old_standard_altar
D:15:     grunt_enter_depths_magical_seal, layout_loops_corners,
          nicolae_two_hexagons, gauntlet_entry_generic,
          nicolae_trove_entry_crossroad, hangedman_decor_slide_cut
Temple:   nicolae_temple_god_jail
Lair:1:   layout_cellular_growth, lemuel_fruit_tree
Lair:2:   layout_long_grid, minmay_shoals_entry_lonely_mermaid,
          spider_nest_entry_web_field, lemuel_fruit_fields, lemuel_fruit_fields,
          infiniplex_staircase_pool_2
Lair:3:   layout_loops_ring, grunt_megastairs_4
Lair:4:   hellmonk_ruined_rings, layout_cave_pods, ebering_ghost_inner_flame,
          grunt_forest_small_clearings, beast_lair_carwin_3, uniq_snorg
Lair:5:   due_jungle_book, layout_regular_city, minmay_slime_entry_pillars,
          dreamdust_gnoll_shepherd
Shoals:1: layout_shoals, uniq_louise
Shoals:2: layout_shoals, serial_shops, shop
Shoals:3: argonaut_golden_fleece, layout_shoals,
          nicolae_shoals_arrival_archipelago, uniq_jorgrun, uniq_ilsuiw,
          uniq_nikola
Shoals:4: shoals_end_grunt_garden, layout_shoals,
          nicolae_shoals_the_drawing_of_the_three
Spider:1: layout_spider_delve
Spider:2: layout_spider_delve, drop_trap, nicolae_spider_bzzzt
Spider:3: nicolae_spider_broodchamber, hellmonk_narrow_tunnel, uniq_mlioglotl
Spider:4: hellmonk_spider_rune_bug_friends, portal_ice_cave_entry_ice_simulacra,
          nicolae_spider_eight_legs, uniq_aizul, uniq_arachne
Slime:1:  layout_caves
Slime:2:  layout_caves
Slime:3:  layout_caves
Slime:4:  layout_caves
Slime:5:  slime_pit_nicolae_trefoil
Orc:1:    layout_caves
Orc:2:    st_orc_pillars, layout_caves, gammafunk_ghost_arena, mines1_david
Elf:1:    elf_arrival_002, layout_geoelf_grid, serial_shops, shop,
          mu_enter_wizlab_2, nicolae_elf_blasts_and_bolts
Elf:2:    elven_hall_of_blades_hangedman_original
          [nicolae_blade_entry_splitting_headache], layout_loops_cross,
          serial_shops, nicolae_shop_advertising_works
          [nicolae_subvault_shop_adworks], grunt_ministairs_13,
          nicolae_elf_hall_of_bonks
Elf:3:    minmay_elf_hall_x, layout_loops_corners, serial_shops,
          nicolae_shop_tiny_real_fake_doors, david_greed, uniq_boris
Vaults:1: nicolae_vaults_what_the_h, nicolae_vaults_oval_intersection,
          nicolae_vaults_triangles, nicolae_vaults_turnstiles, v_pattern_4,
          nicolae_vaults_crenellated_ambush, nicolae_vaults_disjoint_gnomons,
          ontoclasm_vaults_idyll, nicolae_vaults_door_testing_chamber,
          nicolae_vaults_little_squares_1, grunt_vaults_diagonal,
          hangedman_vaults_corner_blocks, grunt_vaults_focal, serial_ice_b,
          grunt_vaults_hallway_short, layout_vaults_omnibox
Vaults:2: minmay_crypt_entry_simple_sparse, v_rooms_3,
          vaults_dpeg_emergency_exit, ontoclasm_vaults_shuriken, v_pattern_3,
          hangedman_vaults_trim, hangedman_vaults_stagger,
          ontoclasm_vaults_ring_large, nicolae_vaults_network_periphery,
          v_misc_19, nicolae_vaults_house_2, hangedman_vaults_restitches,
          nicolae_vaults_trapezoid_lopsided_1, nicolae_vaults_rhombus_5,
          nicolae_vaults_little_guard_posts, layout_vaults_maze_snakey,
          uniq_saint_roka
Vaults:3: v_misc_32, dpeg_vaults_hating_casters, v_misc_12, v_misc_3, v_misc_26,
          nicolae_vaults_heart-shaped_vault, v_misc_15,
          nicolae_vaults_wine_cellar, nicolae_vaults_angled_halls,
          vaults_dpeg_encased_lava, nicolae_vaults_trapezoid_2,
          layout_vaults_omnigrid
Vaults:4: nzn_ghost_randoct, nicolae_vaults_apartment_1,
          nicolae_vaults_little_squares_1, v_alt_pattern_1,
          nicolae_vaults_spaceships, nicolae_vaults_twisting_passages,
          nicolae_vaults_alarming, nicolae_vaults_little_squares_6,
          v_alt_pattern_1, v_misc_14, nicolae_vaults_quartermaster,
          vaults_standard_mumra_lines, dpeg_vaults_monster_box,
          vaults_dpeg_ring, layout_vaults_big_room, uniq_frederick
Vaults:5
Crypt:1:  layout_basic, roderic_lattice_octagonal_star
Crypt:2:  layout_chaotic_city
Crypt:3:  evilmike_haunted_forest
Tomb:1
Tomb:2
Tomb:3
Depths:1: layout_basic, lightli_too_deep, grunt_gozag_statues, abyss_entry,
          nrook_kobold_shadow_demons, serial_bayou_shore_b
Depths:2: grunt_twisty_corner, layout_long_grid, enter_ziggurat_f,
          gammafunk_ghost_cemetery, nicolae_figureground_pulse,
          hangedman_coc_ice_floe, rand_demon_pan_entry_8, minmay_librarian,
          infiniplex_staircase_spiral
Depths:3: minmay_the_grid_3x3 [minmay_the_grid_doors, minmay_the_grid_tree,
          minmay_the_grid_all_tris, minmay_the_grid_zigzag_pyramid,
          minmay_the_grid_gridbox, minmay_the_grid_dragon_b,
          minmay_the_grid_plusring, minmay_the_grid_minigrid_small_alt,
          minmay_the_grid_prize_big_room], layout_cave_pools, pan_entry,
          hell_entry, nicolae_uskayaw_dance_hall, abyss_entry,
          infiniplex_staircase_squiggle, uniq_sojobo, uniq_margery, uniq_vv
Depths:4: hangedman_spin_cycle, abyss_entry, hell_entry
Hell
Dis:1:    layout_regular_city
Dis:2:    hangedman_dis_decor_blocks_talon, layout_gridville
Dis:3:    layout_jigsaw, nicolae_dis_strange_trophy_room
Dis:4:    nicolae_dis_circle_tower, layout_regular_city
Dis:5:    layout_subdivisions
Dis:6:    layout_jigsaw
Dis:7:    dis_hangedman
Geh:1:    layout_gehenna_pools_basic, nicolae_geh_gnashing_of_teeth
Geh:2:    layout_gehenna_pools_basic
Geh:3:    layout_gehenna_pools_basic
Geh:4:    layout_gehenna_pools_triple, lemuel_flamethrower_2
Geh:6:    layout_gehenna_lava_caves
Geh:7:    geh_mu
Coc:1:    layout_cocytus_water_paths
Coc:2:    layout_ice_bergs, nicolae_coc_icebean_singular
          [nicolae_sub_coc_subbean]
Coc:3:    layout_cocytus_water_paths
Coc:4:    layout_ice_bergs
Coc:5:    layout_ice_bergs
Coc:6:    layout_ice_bergs
Coc:7:    coc_mu
Tar:1:    layout_cathedral_of_symmetry
Tar:2:    layout_catacombs, nicolae_tar_just_some_guys
Tar:3:    layout_honeycomb
Tar:4:    layout_grid_maze, door_vault
Tar:5:    layout_grid_maze
Tar:6:    layout_catacombs
Tar:7:    tar_grunt_cathedral
Zot:1:    gammafunk_mikee_crab_dinner, layout_misc_corridors
Zot:2:    layout_misc_corridors
Zot:3:    layout_gridlike
Zot:4:    layout_misc_corridors
Zot:5:    layout_cathedral_of_symmetry, st_stairs_11,
          hangedman_zot_decor_tridents

Skill      XL: |  1  2  3  4  5  6  7  8  9 10 11 12 13 14 15 16 17 18 19 20 21 22 23 24 25 26 27 |
---------------+----------------------------------------------------------------------------------+-----
Spellcasting   | 5 6 7 8 9 10 11 12 13 14 15 16 17 18 19 27 | 27.0
Invocations    | 1 2 3 4 5 6 7 8 9 10 11 12 13 14 15 16 17 18 19 20 27 | 27.0
Fighting       | 1 2 3 5 6 7 8 9 10 11 12 13 14 15 16 17 18 26 | 26.8
Short Blades   | 1 2 3 5 6 7 8 9 10 11 12 13 14 15 16 17 18 27 | 27.0
Long Blades    | 1 2 3 5 6 7 8 9 10 11 12 13 14 15 16 17 18 26 | 26.8
Axes           | 1 2 3 5 6 7 8 9 10 11 12 13 14 15 16 17 18 26 | 26.8
Maces & Flails | 1 2 3 5 6 7 8 9 10 11 12 13 14 15 16 17 18 26 | 26.8
Polearms       | 1 2 3 5 6 7 8 9 10 11 12 13 14 15 16 17 18 26 | 26.8
Staves         | 1 2 3 5 6 7 8 9 10 11 12 13 14 15 16 17 18 26 | 26.8
Ranged Weapons | 1 2 3 5 6 7 8 9 10 11 12 13 14 15 16 17 18 27 | 27.0
Throwing       | 1 2 3 5 6 7 8 9 10 11 12 13 14 15 16 17 18 26 | 26.8
Armour         | 1 2 3 5 6 7 8 9 10 11 12 13 14 15 16 17 18 26 | 26.8
Shields        | 1 2 3 5 6 7 8 9 10 11 12 13 14 15 16 17 18 26 | 26.8
Unarmed Combat | 1 2 3 5 6 7 8 9 10 11 12 13 14 15 16 17 18 20 27 | 27.0
Evocations     | 1 2 3 5 6 7 8 9 10 11 12 13 14 15 16 17 18 26 | 26.8
Shapeshifting  | 1 2 3 4 5 6 7 8 9 10 11 12 13 14 15 16 17 24 | 24.9
Conjurations   | 1 2 3 4 5 6 7 8 9 10 11 12 13 14 15 23 | 23.1
Hexes          | 1 2 3 4 5 6 7 8 9 10 11 12 13 14 15 26 | 26.7
Summonings     | 1 2 3 4 5 6 7 8 9 10 11 12 13 14 15 23 | 23.1
Translocations | 1 2 3 4 5 6 7 8 9 10 11 12 13 14 15 23 | 23.1
Fire Magic     | 1 2 3 4 5 6 7 8 9 10 11 12 13 14 15 23 | 23.1
Ice Magic      | 1 2 3 4 5 6 7 8 9 10 11 12 13 14 15 23 | 23.1
Air Magic      | 1 2 3 4 5 6 7 8 9 10 11 12 13 14 15 23 | 23.1
Earth Magic    | 1 2 3 4 5 6 7 8 9 10 11 12 13 14 15 23 | 23.1
Alchemy        | 1 2 3 4 5 6 7 8 9 10 11 12 13 14 15 23 | 23.1
Dodging        | 5 6 7 8 9 10 11 12 13 14 15 16 17 18 19 27 | 27.0
Stealth        | 5 6 7 8 9 10 11 12 13 14 15 16 17 18 19 27 | 27.0
Necromancy     | 8 9 10 11 12 13 14 15 16 17 23 | 23.9

Action                     |  1- 3 |  4- 6 |  7- 9 | 10-12 | 13-15 | 16-18 | 19-21 | 22-24 | 25-27 || total
---------------------------+-------+-------+-------+-------+-------+-------+-------+-------+-------++-------
  Melee: Unarmed           |    36 |     7 |       |       |       |       |       |       |       ||    43
         Bite              |     5 |     8 |    12 |    16 |    21 |    83 |   159 |    63 |   243 ||   610
         Dagger            |    17 |    48 |   108 |   128 |   180 |    45 |     8 |    80 |       ||   614
         Katana            |       |       |       |       |    12 |   537 |   977 |   267 |       ||  1793
         Rapier            |       |       |       |       |       |       |       |    68 |    41 ||   109
         Eveningstar       |       |       |       |       |       |       |       |       |  1279 ||  1279
         Demon trident     |       |       |       |       |       |       |       |       |    33 ||    33
   Fire: Hand cannon       |       |       |       |       |       |   204 |       |       |       ||   204
  Throw: Dart              |       |       |       |     1 |     8 |       |       |     1 |       ||    10
         Boomerang         |       |       |       |       |    19 |    87 |    11 |    23 |    50 ||   190
         Throwing net      |       |       |       |       |       |       |       |     1 |       ||     1
   Cast: Necrotise         |    25 |    18 |   205 |    41 |       |       |       |       |       ||   289
         Vampiric Draining |     5 |     4 |     6 |     2 |       |       |       |       |       ||    17
         Animate Dead      |       |     3 |       |       |       |       |       |       |       ||     3
         Frozen Ramparts   |       |       |    18 |     2 |     1 |       |       |       |       ||    21
         Olgreb's Toxic Ra |       |       |     1 |    52 |   275 |   297 |   151 |    57 |       ||   833
         Passwall          |       |       |     1 |     6 |     1 |     5 |     1 |     1 |       ||    15
         Ignite Poison     |       |       |       |    30 |   114 |    72 |    51 |    21 |       ||   288
         Ensorcelled Hiber |       |       |       |    15 |    27 |     2 |     1 |       |       ||    45
         Freezing Cloud    |       |       |       |       |     9 |     8 |     1 |       |       ||    18
         Irradiate         |       |       |       |       |    14 |    45 |    52 |    66 |    28 ||   205
         Haunt             |       |       |       |       |       |    14 |     4 |     1 |       ||    19
         Summon Hydra      |       |       |       |       |       |     1 |    51 |    26 |     1 ||    79
         Monstrous Menager |       |       |       |       |       |       |     6 |     1 |       ||     7
         Ozocubu's Refrige |       |       |       |       |       |       |     8 |   261 |   310 ||   579
         Ignition          |       |       |       |       |       |       |       |    71 |   260 ||   331
         Orb of Destructio |       |       |       |       |       |       |       |    27 |     8 ||    35
         Maxwell's Capacit |       |       |       |       |       |       |       |    22 |    47 ||    69
         Polar Vortex      |       |       |       |       |       |       |       |       |   427 ||   427
         Shatter           |       |       |       |       |       |       |       |       |   220 ||   220
         Chain Lightning   |       |       |       |       |       |       |       |       |   110 ||   110
         Fire Storm        |       |       |       |       |       |       |       |       |    13 ||    13
         Dragon's Call     |       |       |       |       |       |       |       |       |     4 ||     4
 Invoke: Call Merchant     |       |       |       |     1 |     1 |     2 |     2 |     2 |     1 ||     9
         Potion Petition   |       |       |       |       |       |       |       |       |    46 ||    46
Ability: Begin Untransform |       |       |       |       |       |       |       |       |     3 ||     3
  Evoke: Wand              |       |       |     5 |     6 |    13 |     3 |     5 |     6 |    16 ||    54
         Condenser vane    |       |       |       |     1 |     1 |     1 |     3 |     2 |     2 ||    10
         Lightning rod     |       |       |       |       |     5 |     3 |     8 |     3 |     4 ||    23
    Use: Scroll            |       |       |    11 |     9 |    11 |     8 |     4 |    27 |    29 ||    99
         Potion            |       |       |       |       |     1 |     1 |     2 |     4 |    53 ||    61
   Stab: Sleeping          |     2 |     1 |     4 |    33 |    30 |    13 |    29 |    32 |    31 ||   175
         Distracted        |       |       |     1 |     1 |     3 |     4 |    14 |     3 |    32 ||    58
         Invisible         |       |       |       |       |       |     1 |       |       |       ||     1
         Paralysed         |       |       |       |       |       |       |       |     3 |       ||     3
 Armour: Robe              |    64 |    36 |    89 |    49 |    89 |   462 |   149 |       |   315 ||  1253
         Skin              |       |     3 |       |       |       |       |       |       |    14 ||    17
         Leather armour    |       |       |       |       |       |       |   282 |   314 |   700 ||  1296
  Dodge: Dodged            |   104 |    41 |   120 |    55 |    87 |   400 |   351 |   225 |   728 ||  2111
  Block: Buckler           |       |       |    23 |    65 |   141 |   458 |   456 |   214 |   330 ||  1687
         Reflection        |       |       |       |     3 |    18 |    23 |    45 |     7 |    58 ||   154
         Tower shield      |       |       |       |       |       |       |       |       |  1177 ||  1177
   Form: Death             |       |       |       |       |       |       |       |       |     4 ||     4

Table legend: (Time is in decaauts)
 A = Elapsed time spent in this place.
 B = Non-inter-level travel time spent in this place.
 C = Inter-level travel time spent in this place.
 D = Time resting spent in this place.
 E = Time spent auto-exploring this place.
 F = Levels seen in this place.
 G = Mean time per level.
                   A        B        C        D        E       F      G
               +--------+--------+--------+--------+--------+-----+--------+
         Total | 137362 | 125919 |  11443 |  21871 |  79768 | 128 | 1073.1 |
       Dungeon |  23615 |  19636 |   3979 |   4294 |  11678 |  15 | 1574.3 |
        Temple |     38 |     38 |      0 |      0 |      0 |   1 |   38.0 |
          Lair |   8801 |   7370 |   1431 |    682 |   5766 |   5 | 1760.2 |
        Shoals |   8300 |   7971 |    329 |   1429 |   5064 |   4 | 2075.0 |
   Spider Nest |   7831 |   7469 |    362 |   1043 |   5332 |   4 | 1957.8 |
    Slime Pits |   7493 |   7194 |    299 |   2176 |   4262 |   5 | 1498.6 |
  Orcish Mines |   4774 |   4224 |    550 |    879 |   2703 |   2 | 2387.0 |
   Elven Halls |   7288 |   6678 |    610 |   1559 |   3938 |   3 | 2429.3 |
        Vaults |  13239 |  12164 |   1075 |   1762 |   8708 |   5 | 2647.8 |
         Crypt |   5454 |   4950 |    504 |    289 |   3823 |   3 | 1818.0 |
          Tomb |   3965 |   3606 |    359 |     74 |   2732 |   3 | 1321.7 |
        Depths |  13687 |  12418 |   1269 |   2628 |   8223 |   4 | 3421.8 |
          Hell |    814 |    690 |    124 |     28 |    468 |   1 |  814.0 |
           Dis |   4743 |   4698 |     45 |    616 |   3162 |   7 |  677.6 |
       Gehenna |   2583 |   2352 |    231 |    329 |   1262 |   6 |  430.5 |
       Cocytus |   3295 |   3173 |    122 |    469 |   1870 |   7 |  470.7 |
      Tartarus |   2152 |   2146 |      6 |    825 |    539 |   7 |  307.4 |
           Zot |   4962 |   4819 |    143 |    502 |   3224 |   5 |  992.4 |
         Abyss |    265 |    265 |      0 |      0 |     57 |   3 |   88.3 |
   Pandemonium |   5559 |   5559 |      0 |   1471 |   1593 |  12 |  463.2 |
      Ziggurat |   4840 |   4840 |      0 |    112 |   3646 |  21 |  230.5 |
         Trove |     27 |     27 |      0 |      0 |      0 |   1 |   27.0 |
         Sewer |    480 |    480 |      0 |     49 |    311 |   1 |  480.0 |
      Ice Cave |    747 |    747 |      0 |    229 |    159 |   1 |  747.0 |
        Wizlab |   1536 |   1536 |      0 |    150 |    951 |   1 | 1536.0 |
      Gauntlet |    860 |    860 |      0 |    270 |    289 |   1 |  860.0 |
               +--------+--------+--------+--------+--------+-----+--------+

Top non-repeatable levels by time:
Depths:2: 4332 daAuts
Depths:1: 4157 daAuts
Depths:4: 3519 daAuts
Vaults:4: 3467 daAuts
   Dis:7: 3435 daAuts
   Orc:2: 3173 daAuts
Vaults:1: 3170 daAuts
   Elf:3: 3167 daAuts
Shoals:4: 3154 daAuts
 Crypt:3: 3063 daAuts
Spider:4: 2589 daAuts
Vaults:2: 2519 daAuts
   Elf:2: 2369 daAuts
  Lair:5: 2356 daAuts
   Zot:5: 2287 daAuts
